 Dungeon Crawl Stone Soup version 0.26-a0-180-ge96aa7da28 (webtiles) character file.

Game seed: 5853588770770043558

1466688 gruber the Conqueror (level 27, -8/273 HPs)
             Began as a Minotaur Fighter on July 2, 2020.
             Was the Champion of the Shining One.
             Killed from afar by Onupiuh the pandemonium lord (24 damage)
             ... with a chain lightning
             ... in Pandemonium on July 3, 2020.
             The game lasted 04:43:12 (124650 turns).

gruber the Conqueror (Minotaur Fighter)           Turns: 124650, Time: 04:43:12

Health: -8/273     AC: 53    Str: 38    XL:     27
Magic:  27/39      EV: 23    Int:  8    God:    the Shining One [******]
Gold:   16070      SH: 57    Dex: 13    Spells: 47/72 levels left

rFire    + + +     SeeInvis +   n - +9 broad axe (holy)
rCold    + + .     Faith    .   s - +6 tower shield of Haunted Mirth {rF+ rN+ Str+2 Stlth-}
rNeg     + + +     Spirit   .   L - +12 crystal plate armour of Indomitability {Regen+ rCorr Dex+3}
rPois    +         Reflect  +   b - +0 mask of the Dragon {MR+ Slay+3 SInv}
rElec    .         Harm     .   P - +2 cloak {MR+}
rCorr    +         Rnd*Rage +   K - +2 pair of gloves {Str+3}
MR       ++++.                  Z - +2 pair of boots {run}
Stlth    ..........             Q - amulet of the Equinox {Reflect rC+ Int+2 SH+5}
HPRegen  0.95/turn              J - ring "Aherr" {Wiz rPois rF+++ rC+ Str-3}
MPRegen  0.26/turn              G - ring "Coner" {+Fly Str+4 Int+3 Slay+2}

@: divine shield, glowing, quick
A: retaliatory headbutt, fangs 1, hooves 1, horns 2, molten scales 2, yellow
scales 1, berserk 1, blurry vision 1, clumsy 1, deformed body, deterioration 1,
dopey 1, low mp 2, subdued magic 1
}: 13/15 runes: barnacled, silver, iron, obsidian, icy, bone, abyssal, demonic,
glowing, magical, fiery, dark, gossamer
a: Divine Shield, Cleansing Flame, Summon Divine Warrior, Renounce Religion,
Evoke Flight


You were in Pandemonium.
You worshipped the Shining One.
The Shining One was exalted by your worship.
You were hungry.

You visited 17 branches of the dungeon, and saw 82 of its levels.
You visited Pandemonium 1 time, and saw 26 of its levels.
You visited the Abyss 1 time.
You also visited: Ice Cave.

You collected 18059 gold pieces.
You spent 1989 gold pieces at shops.

Inventory:

Hand Weapons
 i - a +9 vampiric war axe
 n - a +9 broad axe of holy wrath (weapon)
Missiles
 Y - 79 silver javelins (quivered)
Armour
 b - the +0 mask of the Dragon (worn) {MR+ Slay+3 SInv}
   (You bought it in a shop on level 1 of the Vaults)

   It affects your accuracy and damage with ranged weapons and melee attacks
   (+3).
   It affects your resistance to hostile enchantments.
   It lets you see invisible.
 s - the +6 tower shield of Haunted Mirth (worn) {rF+ rN+ Str+2 Stlth-}
   (You took it off a daeva in Pandemonium)

   It affects your strength (+2).
   It protects you from fire.
   It protects you from negative energy.
   It makes you less stealthy.
 K - a +2 pair of gloves of strength (worn)
 L - the +12 crystal plate armour of Indomitability (worn) {Regen+ rCorr Dex+3}
   (Okawaru gifted it to you on level 13 of the Dungeon)

   It affects your dexterity (+3).
   It increases your rate of regeneration.
   It provides partial protection from all sources of acid and corrosion.
 P - a +2 cloak of magic resistance (worn)
 U - the +3 tower shield "Puqick" {Int+4}
   (You took it off a daeva in Pandemonium)

   It affects your intelligence (+4).
 Z - a +2 pair of boots of running (worn)
Jewellery
 h - the ring of Joucergh {+Fly rF+ Slay+4}
   (You acquired it on level 4 of the Depths)

   [ring of slaying]

   It affects your accuracy and damage with ranged weapons and melee attacks
   (+4).
   It protects you from fire.
   It lets you fly.
 j - the ring "Raleghi" {rElec rF+ rC+ rN+ Dex-3 Stlth+}
   (You took it off a deep elf annihilator on level 3 of the Elven Halls)

   [ring of positive energy]

   It affects your dexterity (-3).
   It protects you from fire.
   It protects you from cold.
   It insulates you from electricity.
   It protects you from negative energy.
   It makes you more stealthy.
 G - the ring "Coner" (right hand) {+Fly Str+4 Int+3 Slay+2}
   (You took it off a balrug on level 7 of Gehenna)

   [ring of flight]

   It affects your strength (+4).
   It affects your intelligence (+3).
   It affects your accuracy and damage with ranged weapons and melee attacks
   (+2).
   It lets you fly.
 J - the ring "Aherr" (left hand) {Wiz rPois rF+++ rC+ Str-3}
   (You found it on level 1 of the Shoals)

   [ring of wizardry]

   It improves your spell success rate.
   It affects your strength (-3).
   It renders you almost immune to fire.
   It protects you from cold.
   It protects you from poison.
 Q - the amulet of the Equinox (around neck) {Reflect rC+ Int+2 SH+5}
   (You took it off a deep elf death mage on level 3 of the Elven Halls)

   [amulet of reflection]

   It shields you and reflects attacks.
   It affects your intelligence (+2).
   It protects you from cold.
   It affects your SH (+5).
 R - the ring of the Solstice {+Blink rF+ rC+ MR+}
   (You found it in Pandemonium)

   [ring of protection from magic]

   It protects you from fire.
   It protects you from cold.
   It affects your resistance to hostile enchantments.
   It lets you blink.
 X - the ring of Circularity {rElec MR+ Int-5 Slay+5 Stlth-}
   (You found it on level 7 of the Iron City of Dis)

   [ring of protection from magic]

   It affects your intelligence (-5).
   It affects your accuracy and damage with ranged weapons and melee attacks
   (+5).
   It insulates you from electricity.
   It affects your resistance to hostile enchantments.
   It makes you less stealthy.
Wands
 m - a wand of iceblast (72)
 w - a wand of digging (28)
 x - a wand of acid (62)
 C - a wand of disintegration (55)
 E - a wand of paralysis (65)
Scrolls
 e - 2 scrolls of enchant weapon
 k - 41 scrolls of remove curse
 l - 14 scrolls of fear
 p - 14 scrolls of identify
 q - 27 scrolls of teleportation
 r - 6 scrolls of silence
 t - 5 scrolls of enchant armour
 u - 2 scrolls of holy word
 v - 5 scrolls of amnesia
 y - 16 scrolls of fog
 F - 3 scrolls of brand weapon
 M - 19 scrolls of magic mapping
 O - 16 scrolls of blinking
 V - 2 scrolls of summoning
Potions
 a - 11 potions of brilliance
 c - 3 potions of resistance
 d - 13 potions of might
 g - 3 potions of stabbing
 z - 5 potions of cancellation
 A - 4 potions of haste
 B - 16 potions of heal wounds
 D - 25 potions of curing
 H - 5 potions of berserk rage
 I - 3 potions of flight
 S - 6 potions of ambrosia
 W - 5 potions of magic
Miscellaneous
 o - 12 phantom mirrors
 T - a phial of floods
Comestibles
 f - 92 rations


   Skills:
 O Level 27 Fighting
 O Level 27 Axes
 O Level 27 Throwing
 O Level 27 Armour
 O Level 27 Dodging
 O Level 27 Shields
 - Level 23.0 Spellcasting
 + Level 0.9 Hexes
 + Level 1.0 Charms
 + Level 1.1 Summonings
 - Level 22.8 Translocations
   Level 9.5 Fire Magic
 + Level 1.1 Air Magic
 O Level 27 Invocations
 - Level 6.0 Evocations


You had 47 spell levels left.
You knew the following spells:

 Your Spells              Type           Power        Failure   Level  Hunger
a - Blink                 Tloc           N/A          0%          2    None
b - Controlled Blink      Tloc           N/A          2%          8    #######
c - Apportation           Tloc           #####.       0%          1    None
d - Swiftness             Chrm/Air       #.......     5%          2    None
e - Song of Slaying       Chrm           #.......     5%          2    None
f - Silence               Hex/Air        #.........   65%         5    #####..
g - Aura of Abjuration    Summ           #.........   65%         5    #####..

Your spell library contained the following spells:

 Spells                   Type           Power        Failure   Level  Hunger
 Gell's Gravitas          Tloc           #####.....   0%          3    None
 Lesser Beckoning         Tloc           #####.....   0%          3    None
 Foxfire                  Conj/Fire      ##..         1%          1    None
 Shroud of Golubria       Chrm/Tloc      ###...       1%          2    None
 Inner Flame              Hex/Fire       ##......     1%          3    None
 Portal Projectile        Hex/Tloc       ###...       1%          3    None
 Recall                   Summ/Tloc      N/A          1%          3    None
 Iskenderun's Mystic Bla  Conj/Tloc      ###.....     1%          4    ###....
 Summon Forest            Summ/Tloc      ###.......   1%          5    #####..
 Dispersal                Tloc           #####.....   1%          6    ######.
 Conjure Flame            Conj/Fire      ##......     2%          3    None
 Disjunction              Tloc           #####.....   2%          8    #######
 Corona                   Hex            #......      3%          1    None
 Infusion                 Chrm           #...         3%          1    None
 Summon Butterflies       Summ           #.......     3%          1    None
 Summon Small Mammal      Summ           #...         3%          1    None
 Shock                    Conj/Air       #...         4%          1    None
 Ignite Poison            Fire/Tmut/Pois ##......     4%          3    None
 Animate Skeleton         Necr           N/A          5%          1    None
 Beastly Appendage        Tmut           #.....       5%          1    None
 Freeze                   Ice            #...         5%          1    None
 Magic Dart               Conj           #...         5%          1    None
 Pain                     Necr           #...         5%          1    None
 Sandblast                Erth           #.....       5%          1    None
 Sting                    Tmut/Pois      #...         5%          1    None
 Call Imp                 Summ           #.......     5%          2    None
 Slow                     Hex            #.......     5%          2    None
 Corpse Rot               Necr/Air       N/A          6%          2    None
 Poisonous Vapours        Pois/Air       #.....       6%          2    None
 Sticky Flame             Conj/Fire      ##......     8%          4    ###....
 Passwall                 Tmut/Erth      #.......     9%          2    None
 Searing Ray              Conj           #.....       9%          2    None
 Sticks to Snakes         Tmut           #.......     9%          2    None
 Sublimation of Blood     Necr           #.........   9%          2    None
 Call Canine Familiar     Summ           #.......     11%         3    None
 Spectral Weapon          Hex/Chrm       #.......     11%         3    None
 Summon Guardian Golem    Hex/Summ       #.......     11%         3    None
 Confusing Touch          Hex            #.......     12%         3    None
 Tukima's Dance           Hex            #.......     12%         3    None
 Dazzling Flash           Conj/Hex       #.....       13%         3    None
 Ozocubu's Armour         Chrm/Ice       #.......     13%         3    None
 Static Discharge         Conj/Air       #.......     13%         3    None
 Mephitic Cloud           Conj/Pois/Air  #.......     14%         3    None
 Frozen Ramparts          Ice            #.....       16%         3    None
 Spider Form              Tmut/Pois      #.........   16%         3    None
 Stone Arrow              Conj/Erth      #.....       16%         3    None
 Vampiric Draining        Necr           #.........   16%         3    None
 Fireball                 Conj/Fire      ##........   21%         5    #####..
 Airstrike                Air            #.........   32%         4    ###....
 Summon Lightning Spire   Summ/Air       #.......     32%         4    ###....
 Malign Gateway           Summ/Tloc      ###.......   32%         7    #######
 Cause Fear               Hex            #.........   34%         4    ###....
 Fulminant Prism          Conj/Hex       #.........   38%         4    ###....
 Leda's Liquefaction      Hex/Erth       #.........   38%         4    ###....
 Summon Ice Beast         Ice/Summ       #.......     38%         4    ###....
 Bolt of Magma            Conj/Fire/Erth ##........   38%         5    #####..
 Animate Dead             Necr           N/A          45%         4    ###....
 Hailstorm                Conj/Ice       #.......     45%         4    ###....
 Ice Form                 Ice/Tmut       #.......     45%         4    ###....
 Petrify                  Tmut/Erth      #.......     45%         4    ###....
 Summon Demon             Summ           #.........   65%         5    #####..
 Summon Mana Viper        Hex/Summ       #.......     67%         5    #####..
 Lightning Bolt           Conj/Air       #.........   73%         5    #####..
 Starburst                Conj/Fire      ##........   73%         6    ######.
 Excruciating Wounds      Chrm/Necr      #.........   75%         5    #####..
 Iskenderun's Battlesphe  Conj/Chrm      #.......     75%         5    #####..
 Metabolic Englaciation   Hex/Ice        #.........   75%         5    #####..
 Yara's Violent Unravell  Hex/Tmut       #.........   75%         5    #####..
 Agony                    Necr           #.......     82%         5    #####..
 Alistair's Intoxication  Tmut/Pois      #.......     82%         5    #####..
 Irradiate                Conj/Tmut      #.........   82%         5    #####..
 Lee's Rapid Deconstruct  Erth           #.........   82%         5    #####..
 Conjure Ball Lightning   Conj/Air       #.........   99%         6    ######.
 Freezing Cloud           Conj/Ice/Air   #.........   99%         6    ######.
 Invisibility             Hex            #.......     99%         6    ######.
 Shadow Creatures         Summ           N/A          99%         6    ######.
 Ring of Flames           Chrm/Fire      ##........   99%         7    #######
 Ignition                 Fire           ###.......   99%         8    #######
 Death Channel            Necr           #.........   100%        6    ######.
 Eringya's Noxious Bog    Tmut/Pois      #.........   100%        6    ######.
 Hydra Form               Tmut           #.........   100%        6    ######.
 Iron Shot                Conj/Erth      #.........   100%        6    ######.
 Ozocubu's Refrigeration  Ice            #.........   100%        6    ######.
 Simulacrum               Ice/Necr       #.........   100%        6    ######.
 Statue Form              Tmut/Erth      #........    100%        6    ######.
 Dragon Form              Tmut           #.........   100%        7    #######
 Monstrous Menagerie      Summ           #.........   100%        7    #######
 Orb of Destruction       Conj           #.........   100%        7    #######
 Spellforged Servitor     Conj/Summ      #.........   100%        7    #######
 Summon Greater Demon     Summ           #.........   100%        7    #######
 Summon Hydra             Summ           #.........   100%        7    #######
 Summon Horrible Things   Summ           #.........   100%        8    #######
 Dragon's Call            Summ           #.........   100%        9    #######
 Shatter                  Erth           #.........   100%        9    #######
 Tornado                  Air            #.........   100%        9    #######


Dungeon Overview and Level Annotations

Branches:
Dungeon (15/15)            Temple (1/1) D:4            Lair (6/6) D:10
 Shoals (4/4) Lair:3       Spider (4/4) Lair:3        Slime (0/5) Lair:6
    Orc (2/2) D:10            Elf (3/3) Orc:2        Vaults (5/5) D:14
  Crypt (3/3) Vaults:3       Tomb (1/3) Crypt:3      Depths (5/5) D:15
   Hell (visited)             Dis (7/7) Hell            Geh (7/7) Hell
    Coc (7/7) Hell            Tar (7/7) Hell            Zot (4/5) Depths:5
  IceCv (visited)

Altars:
Ashenzari
Elyvilon
Fedhas
Gozag
Kikubaaqudgha
Makhleb
Nemelex Xobeh
Okawaru
Qazlal
Ru
Sif Muna
Trog
Uskayaw
Vehumet
Wu Jian
Xom
Yredelemnul
Zin
The Shining One

Shops:
D:6 :   Orc:1 %   Orc:2 :*(**   Elf:1 ?%}:   Elf:2 *:   Vaults:1 [   Vaults:4 !
Vaults:5 =:}(!!?%?%%%%   Crypt:2 **   Depths:1 *}*   Depths:2 (}[

Portals:
Hell: Depths:1 Depths:2 Depths:3 Depths:4 Depths:5
Abyss: Depths:4 Depths:5
Pandemonium: Depths:3 Depths:4 Depths:5
Ziggurat: Depths:3

Annotations:
Lair:2 1 runed translucent door, Soopleu's ghost, journeyman DrTm
Lair:3 2 transporters
Lair:6 1 runed translucent door, Laplelam's ghost, journeyman OgTm
Spider:1 Roxanne
Vaults:4 2 runed translucent doors
Depths:3 1 runed translucent door


Innate Abilities, Weirdness & Mutations

You reflexively headbutt those who attack you in melee.
You have a pair of horns on your head.
You have very sharp teeth.
You have large cloven feet.
You are mostly covered in molten scales. (AC +3)
You are partially covered in yellow scales. (AC +2)
You tend to lose your temper in combat.
Scrolls take you a little longer to read.
You are clumsy. (Dex -2)
Armour fits poorly on your strangely shaped body.
Your body sometimes deteriorates upon taking damage.
You are dopey. (Int -2)
Your magical capacity is very low. (-20% MP)
Your spells are a little easier to cast, but a little less powerful.


Message History

Unknown command.
The golden flame engulfs you but does no damage.
The golden flame engulfs Onupiuh!!!
Onupiuh writhes in agony!
Onupiuh is heavily wounded.
You are feeling hungry.
You block Onupiuh's attack. x2
Unknown command.
Unknown command.
Unknown command.
Unknown command.
The golden flame engulfs you but does no damage.
You resist.
The golden flame engulfs Onupiuh!!
Onupiuh writhes in agony!
Onupiuh is heavily wounded.
You feel somewhat more hungry.
Onupiuh gestures.
You hear a mighty clap of thunder!
The lightning arc hits you!!!
* * * LOW HITPOINT WARNING * * *
The lightning arc hits Onupiuh.
Onupiuh resists.
The lightning arc hits you!!
You die...

.# . . ..# '##..#
##(#..# ###(.#.%#
#..[)#..#
#....#..#
#@.['#.####.#
#&...#.......#
....##.##.#####.#
..... ###..#
##+####...##
........###
#.###.#.# #.
#...########
#.#####.......).


You could see Onupiuh.

Vanquished Creatures
  Cerebov (Pan)
  Ereshkigal (Tar:7)
  the Serpent of Hell (Dis:7)
  Gloorx Vloq (Pan)
  Mnoleg (Pan)
  A seraph (Pan)
  11 ancient liches
  Lom Lobon (Pan)
  Dispater (Dis:7)
  An orb of fire (Zot:1)
  Mennas (Depths:5)
  Mara (Depths:4)
  3 juggernauts
  Boris (Depths:5)
  3 greater mummies (Tomb:1)
  29 shard shrikes
  Xtahua (Vaults:4)
  18 pandemonium lords (Pan)
  Saint Roka (Elf:2)
  Bai Suzhen (Crypt:1)
  Margery (Crypt:1)
  4 caustic shrikes (Depths:4)
  2 profane servitors
  A curse toe (Zot:4)
  Geryon (Hell)
  14 golden dragons
  the Enchantress (Depths:5)
  The ghost of Slobodan the Scorcher, an adept OgFE of Hepliaklqana (Vaults:4)
  The ghost of Vikohomu the Eclecticist, a veteran VSSu of Ashenzari (Crypt:2)
  37 bone dragons
  A pearl dragon (Pan)
  7 iron giants
  45 Tzitzimimeh
  11 doom hounds
  40 Brimstone Fiends
  19 tentacled monstrosities
  33 Ice Fiends
  22 Hell Sentinels
  25 titans
  6 quicksilver dragons
  5 deep elf master archers
  2 krakens
  19 liches
  Asterion (Spider:3)
  7 deep elf blademasters
  6 death cobs
  31 Executioners
  Frances (D:12)
  25 tentacled starspawn
  13 sphinxes
  An eldritch tentacle (Pan)
  15 ancient champions
  13 storm dragons
  Donald (Vaults:2)
  30 shadow dragons
  7 tengu reavers
  27 daevas
  10 draconian monks
  8 revenants
  35 fire giants
  6 ghost moths
  16 iron dragons
  4 deep elf sorcerers
  2 orc warlords (Vaults:5)
  43 cacodemons
  8 draconian knights
  Ilsuiw (Shoals:3)
  32 frost giants
  13 black suns (Pan)
  14 warmongers (Pan)
  26 vault wardens
  6 emperor scorpions (Spider:4)
  52 balrugs
  8 draconian scorchers
  4 curse skulls
  8 draconian annihilators
  39 angels
  3 draconian stormcallers
  7 draconian shifters
  8 elemental wellsprings
  151 reapers
  4 deep elf elementalists
  31 very ugly things
  33 apis (Pan)
  2 ghouls
  11 war gargoyles
  24 ironheart preservers
  4 spriggan defenders
  16 vampire knights
  9 entropy weavers
  30 stone giants
  6 bennus (Tomb:1)
  11 black draconians
  15 blood saints (Pan)
  15 yellow draconians
  18 ophanim (Pan)
  11 green draconians
  13 lorocyprocas
  8 deep elf demonologists
  6 spark wasps
  13 red draconians
  14 corrupters (Pan)
  17 purple draconians
  7 deep elf annihilators
  12 white draconians
  A minotaur (Shoals:3)
  19 green deaths
  5 eidola
  4 merfolk javelineers
  4 crystal guardians
  10 merfolk impalers
  18 ettins
  48 blizzard demons
  12 deep elf death magi
  7 mummy priests (Tomb:1)
  17 quicksilver dragon zombies
  9 fire dragons
  13 jiangshi
  20 ogre magi
  4 kraken zombies
  Josephine (D:12)
  5 deep elf high priests
  18 yaktaur captains
  13 rakshasas
  37 vault guards
  37 ice dragons
  14 great orbs of eyes
  11 quicksilver dragon skeletons
  6 hell beasts
  10 spriggan air magi
  A catoblepas (shapeshifter) (Vaults:5)
  21 monstrous demonspawn (Pan)
  4 ghost crabs
  5 merfolk avatars
  A naga warrior (Abyss:4)
  7 hydras
  2 juggernaut simulacra (Pan)
  5 merfolk aquamancers
  17 centaur warriors
  46 two-headed ogres
  Erica (D:11)
  2 alligator snapping turtles
  40 dancing weapons
  7 death knights
  136 large abominations
  3 death yaks (Depths:2)
  A tengu warrior (Depths:2)
  17 death scarabs (Tomb:1)
  5 satyrs
  5 orc high priests
  11 deep troll shamans
  7 deep troll earth magi
  49 thrashing horrors
  54 hell hogs
  9 spriggan berserkers
  14 vampire magi
  15 titan zombies
  3 shock serpents (Pan)
  95 sun demons
  24 deep elf knights
  55 soul eaters
  6 holy swine (Pan)
  10 iron trolls
  8 iron golems
  Nergalle (D:12)
  111 hell knights
  7 spatial maelstroms
  14 storm dragon zombies
  52 sixfirhies
  8 storm dragon skeletons
  29 wretched stars
  4 fire crabs (shapeshifter)
  31 shadow wraiths
  23 deep trolls
  9 titan skeletons
  2 unseen horrors (Abyss:2)
  24 cherubim (Pan)
  11 sea snakes
  22 flayed ghosts
  244 skeletal warriors
  12 golden dragon zombies
  A spark wasp zombie (Depths:4)
  A death drake (Tar:5)
  21 infernal demonspawn (Pan)
  An orange crystal statue (Abyss:4)
  An unseen horror (shapeshifter) (Vaults:5)
  4 ghost moth zombies
  37 shadow demons
  34 anaconda zombies
  14 gelid demonspawn (Pan)
  8 wizards
  12 glowing orange brains
  A swamp dragon (Abyss:3)
  16 anaconda skeletons
  A harpy (shapeshifter) (Depths:1)
  99 starcursed masses
  11 torturous demonspawn (Pan)
  An obsidian statue (Crypt:2)
  2 quicksilver dragon simulacra (Crypt:1)
  16 shadow dragon zombies
  16 ironbrand convokers
  39 phantasmal warriors
  31 deep elf archers
  23 harpies
  47 necromancers
  A lindwurm (Lair:6)
  16 orc knights
  15 wolf spider zombies
  21 orb spiders
  A sphinx zombie (Depths:3)
  12 golden dragon skeletons
  14 iron dragon zombies
  8 shadow dragon skeletons
  An oklob plant (Lair:3)
  14 worldbinders
  21 fire giant zombies
  17 stone giant zombies
  77 ugly things
  86 deep elf magi
  30 wolf spiders
  6 orc sorcerers
  14 moths of wrath
  2 salamanders (shapeshifter)
  2 shining eyes (Pan)
  23 fauns
  18 frost giant zombies
  8 stone giant skeletons
  A shining eye (shapeshifter) (Vaults:5)
  11 frost giant skeletons
  Maurice (Orc:1)
  19 cyclopes
  2 black mambas (Lair:5)
  12 iron dragon skeletons
  12 merfolk sirens
  An eye of devastation (Abyss:4)
  2 guardian serpents (Abyss:4)
  21 manticores
  15 dire elephant zombies
  5 elephants
  6 titan simulacra
  6 ice statues
  3 shock serpent zombies
  A torpor snail (shapeshifter) (Vaults:3)
  16 vault sentinels
  107 smoke demons
  67 rust devils
  23 cane toads
  8 fire giant skeletons
  A naga mage (Abyss:4)
  39 orange demons
  A yaktaur zombie (Vaults:1)
  4 apocalypse crabs
  A black draconian zombie (Tar:1)
  8 water nymphs
  3 gargoyles
  10 molten gargoyles
  3 shock serpent skeletons
  52 hellions
  3 catoblepas zombies
  85 freezing wraiths
  3 komodo dragons
  7 anaconda simulacra
  10 dire elephant skeletons
  2 rime drakes
  A komodo dragon (shapeshifter) (D:13)
  A minotaur zombie (Dis:5)
  A storm dragon simulacrum (Coc:7)
  A yaktaur (shapeshifter) (Vaults:2)
  105 yaktaurs
  24 ancient zymes
  6 emperor scorpion zombies
  73 ice devils
  99 tormentors
  A swamp worm zombie (Crypt:1)
  15 efreet
  8 guardian mummies (Tomb:1)
  A yaktaur skeleton (Vaults:1)
  2 white draconian skeletons
  2 catoblepas skeletons
  47 demonic crawlers
  11 harpy zombies
  3 golden dragon simulacra
  4 silent spectres
  7 trolls
  A death yak skeleton (Crypt:2)
  A queen bee (D:11)
  A green draconian skeleton (Dis:7)
  32 hellwings
  33 jumping spiders
  A merfolk (shapeshifter) (Depths:3)
  6 meliai
  92 red devils
  26 hydra zombies
  19 hornets
  26 merfolk
  5 shadow dragon simulacra
  A meliai (shapeshifter) (Vaults:1)
  2 tyrant leeches (Lair:6)
  21 blink frogs
  3 tengu conjurers (Depths:3)
  22 hydra skeletons
  11 snapping turtles
  3 wind drakes (shapeshifter) (D:15)
  6 wind drakes
  44 slime creatures
  5 harpy skeletons
  66 raiju
  A dream sheep (shapeshifter) (Vaults:5)
  An iron dragon simulacrum (Coc:7)
  24 alligator zombies
  12 ettin zombies
  4 dream sheep
  4 fire giant simulacra
  2 frost giant simulacra
  7 hippogriffs
  25 water elementals
  9 ice dragon zombies
  3 stone giant simulacra
  2 shock serpent simulacra (Crypt:1)
  6 fire dragon zombies
  291 flying skulls
  Sigmund (D:2)
  71 wraiths
  13 ettin skeletons
  15 ice dragon skeletons
  57 shadows
  4 black mamba zombies
  60 ynoxinuls
  77 redbacks
  A spriggan (shapeshifter) (Depths:4)
  9 alligator skeletons
  30 tarantellas
  3 dire elephant simulacra
  6 fire dragon skeletons
  10 spriggans
  4 air elementals
  25 fire bats
  A hog (shapeshifter) (Vaults:2)
  A redback (shapeshifter) (Vaults:1)
  4 vampires
  59 fire elementals
  A yak (shapeshifter) (Elf:1)
  3 wyverns
  A tyrant leech zombie (Crypt:2)
  A golden eye (shapeshifter) (D:15)
  5 basilisks
  4 ushabtiu (Tomb:1)
  A black mamba skeleton (Geh:7)
  An emperor scorpion simulacrum (Coc:6)
  32 yaks
  64 neqoxecs
  2 steam dragons
  11 golden eyes
  A catoblepas simulacrum (Crypt:1)
  11 vampire mosquitoes
  13 hungry ghosts
  62 chaos spawn
  3 insubstantial wisps (Abyss:2)
  11 wargs
  5 nagas (Abyss:4)
  21 spatial vortices
  3 iron troll simulacra (IceCv)
  2 soldier ants (shapeshifter)
  A death yak simulacrum (IceCv)
  10 hydra simulacra
  3 harpy simulacra (IceCv)
  3 merfolk zombies
  A faun zombie (Crypt:1)
  147 hell hounds
  2 acid dragons
  20 cane toad zombies
  8 water moccasins
  4 sky beasts
  A torturous demonspawn skeleton (Geh:3)
  An elf skeleton (Vaults:1)
  46 orc warriors
  7 porcupines
  13 cane toad skeletons
  A floating eye (Pan)
  An ice beast (shapeshifter) (Abyss:4)
  5 ettin simulacra
  22 ice beasts
  6 snapping turtle zombies
  3 swamp dragon zombies
  A fire dragon simulacrum (Crypt:1)
  6 human zombies
  4 eyes of draining
  8 manticore zombies
  3 black bears (D:10)
  65 necrophages
  4 alligator simulacra
  An ice dragon simulacrum (Abyss:4)
  2 black mamba simulacra
  33 ogres
  20 phantoms
  15 wolves
  3 boggarts
  A blink frog skeleton (Crypt:1)
  23 centaurs
  9 snapping turtle skeletons
  4 manticore skeletons
  4 swamp dragon skeletons
  8 elf zombies
  9 crocodiles
  2 big kobolds (shapeshifter)
  6 big kobolds
  A bullfrog (shapeshifter) (Vaults:4)
  6 earth elementals
  31 bullfrogs
  A glowing shapeshifter simulacrum (Vaults:1)
  A deep troll simulacrum (Vaults:2)
  2 cane toad simulacra
  2 wyvern skeletons
  54 small abominations
  7 scorpions
  23 killer bees
  A spriggan zombie (Geh:7)
  2 swamp dragon simulacra
  A troll zombie (Geh:3)
  An elephant simulacrum (IceCv)
  4 human simulacra
  A manticore simulacrum (Coc:2)
  A raiju skeleton (Crypt:1)
  A snapping turtle simulacrum (Crypt:1)
  A spriggan skeleton (Geh:4)
  A yak skeleton (Crypt:1)
  166 wights
  2 troll skeletons
  6 electric eels
  7 centaur zombies
  5 quasits
  A bullfrog zombie (D:5)
  17 crimson imps
  4 jellies
  3 bullfrog skeletons
  6 centaur skeletons
  6 hounds
  38 orc priests
  4 human skeletons
  30 orc wizards
  55 iron imps
  Terence (D:2)
  4 iguanas
  16 worker ants
  2 lightning spires (Abyss:4)
  4 troll simulacra
  A spriggan simulacrum (IceCv)
  A centaur simulacrum (IceCv)
  An ogre zombie (Dis:6)
  2 naga zombies
  A tengu skeleton (Tar:3)
  A dwarf skeleton (Crypt:2)
  2 naga skeletons
  22 mummies
  3 worker ant zombies
  A gnoll (shapeshifter) (Depths:4)
  3 gnolls (D:3)
  A howler monkey skeleton (D:6)
  3 ogre simulacra
  A steam dragon zombie (Crypt:2)
  12 adders
  2 naga simulacra
  A steam dragon skeleton (Crypt:2)
  21 shadow imps
  55 white imps
  19 ufetubi
  An adder zombie (D:5)
  An adder skeleton (D:5)
  3 worms
  A ball lightning (Pan)
  4 dart slugs
  3 leopard geckos
  89 orcs
  A bat (shapeshifter) (Depths:4)
  A bat skeleton (Crypt:1)
  7 giant cockroaches
  9 goblins
  9 hobgoblins
  A jackal (shapeshifter) (Vaults:1)
  4 quokkas
  13 bats
  A frilled lizard (D:3)
  A gnoll skeleton (Crypt:2)
  A jackal zombie (D:8)
  37 kobolds
  A kobold skeleton (Crypt:2)
  2 kobold zombies
  An orc simulacrum (Crypt:1)
  An orc skeleton (Dis:7)
  An orc zombie (Geh:1)
  A quokka zombie (D:6)
  8 rats
  6 crawling corpses
  5 fire vortices (Pan)
  4 fungi
  3 lurking horrors
  15 plants
  39 starspawn tentacles
  11 tentacles
7869 creatures vanquished.

Vanquished Creatures (collateral kills)
  Antaeus (Coc:7)
  Asmodeus (Geh:7)
  Khufu (Tomb:1)
  An iron giant (Dis:7)
  A Hell Sentinel (Dis:7)
  A revenant (Tomb:1)
  2 reapers
  A quicksilver dragon zombie (Dis:7)
  2 ice dragons (Coc:7)
  A hell hog (Geh:7)
  An iron golem (Dis:4)
  3 skeletal warriors
  A cherub (Pan)
  A phantasmal warrior (Dis:7)
  A wolf spider zombie (Dis:7)
  An ugly thing (Pan)
  A fire giant zombie (Dis:7)
  A dire elephant zombie (Dis:7)
  An orange demon (Pan)
  A minotaur zombie (Geh:7)
  2 ice devils (Dis:7)
  A tormentor (Coc:7)
  A freezing wraith (Coc:7)
  A guardian mummy (Tomb:1)
  An ancient zyme (Abyss:4)
  3 raiju (Abyss:4)
  2 wraiths (Dis:7)
  A neqoxec (Pan)
  A large abomination (Abyss:4)
  A merfolk zombie (Dis:7)
  3 hell hounds
  A snapping turtle skeleton (Coc:7)
  A human zombie (Coc:7)
  2 iron imps (Dis:7)
  4 lightning spires (Abyss:4)
  A mummy (Tomb:1)
  An ufetubus (Abyss:4)
  3 starspawn tentacles (Abyss:4)
54 creatures vanquished.

Vanquished Creatures (others)
  A lich (Abyss:4)
  A reaper (Geh:7)
  A green draconian (Zot:2)
  An elemental wellspring (Coc:6)
  An ogre mage (Depths:3)
  A hell hog (Geh:1)
  Sonja (Lair:1)
  A deep elf knight (Elf:2)
  A soul eater (Pan)
  A deep elf archer (Hell)
  A phantasmal warrior (Vaults:5)
  A deep elf mage (Hell)
  A harpy (shapeshifter) (Depths:4)
  A hellion (Geh:7)
  A tormentor (Dis:3)
  An efreet (Pan)
  A hydra zombie (Coc:5)
  A jumping spider (Spider:4)
  An alligator zombie (Coc:6)
  An ettin zombie (Geh:7)
  A water elemental (Shoals:1)
  A flying skull (Geh:7)
  A fire elemental (Elf:2)
  4 fire bats (Abyss:4)
  A ynoxinul (Pan)
  A large abomination (Abyss:4)
  A hydra simulacrum (Coc:5)
  A porcupine (Abyss:4)
  A hell hound (Geh:7)
  2 wights (Geh:1)
  An iron imp (Dis:5)
  An orc wizard (Vaults:5)
  An ufetubus (IceCv)
  4 ball lightnings (Pan)
  2 orcs (Vaults:5)
  A bush (Abyss:3)
  10 fungi
  2 lurking horrors
  30 plants
  32 starspawn tentacles
  16 tentacles
134 creatures vanquished.

Grand Total: 8057 creatures vanquished

Notes
Turn   | Place    | Note
-------+----------+-------------------------------------------
     0 | D:1      | gruber the Minotaur Fighter began the quest for the Orb.
     0 | D:1      | Reached XP level 1. HP: 19/19 MP: 0/0
   188 | D:1      | Reached XP level 2. HP: 26/26 MP: 1/1
   465 | D:2      | Found a shimmering blue altar of Sif Muna.
   485 | D:2      | Reached XP level 3. HP: 31/31 MP: 2/2
   729 | D:2      | Noticed Sigmund
   741 | D:2      | Killed Sigmund
   741 | D:2      | Reached XP level 4. HP: 16/39 MP: 3/3
   741 | D:2      | Reached XP level 5. HP: 19/45 MP: 4/4
   958 | D:2      | Noticed Terence
   974 | D:2      | Killed Terence
  1337 | D:2      | Found an ornate altar of the Wu Jian Council.
  1630 | D:3      | Reached XP level 6. HP: 51/51 MP: 5/5
  1687 | D:3      | Found an iron altar of Okawaru.
  1705 | D:3      | Became a worshipper of Warmaster Okawaru
  2600 | D:4      | Found a staircase to the Ecumenical Temple.
  2819 | D:4      | Reached XP level 7. HP: 53/57 MP: 6/6
  3034 | D:5      | Entered Level 5 of the Dungeon
  3131 | D:5      | Reached * piety under Okawaru
  3281 | D:5      | Reached skill level 5 in Armour
  3317 | D:5      | Found a sacrificial altar of Ru.
  3695 | D:5      | Reached XP level 8. HP: 61/64 MP: 7/7
  4089 | D:6      | Found Zenycoll's Book Boutique.
  4324 | D:6      | Reached ** piety under Okawaru
  4560 | D:6      | Got a pitted leather armour
  5123 | D:7      | Reached skill level 5 in Shields
  5171 | D:7      | Noticed a hippogriff
  5177 | D:7      | Killed a hippogriff
  5201 | D:7      | Found a hide-covered altar of Uskayaw.
  5463 | D:7      | Reached XP level 9. HP: 70/70 MP: 8/8
  5535 | D:7      | Found a radiant altar of Vehumet.
  5536 | D:7      | Found a burning altar of Makhleb.
  5580 | D:7      | Reached skill level 1 in Dodging
  5739 | D:8      | Reached *** piety under Okawaru
  6001 | D:8      | Reached skill level 5 in Dodging
  6509 | D:8      | Identified the +4 leather armour of Life {MR- rCorr Dex+4
                  | Stlth+} (You found it on level 6 of the Dungeon)
  6968 | D:9      | Found a blossoming altar of Fedhas.
  6968 | D:9      | Found a bloodstained altar of Trog.
  7234 | D:10     | Entered Level 10 of the Dungeon
  7238 | D:10     | Noticed a two-headed ogre
  7248 | D:10     | Reached skill level 5 in Fighting
  7259 | D:10     | Killed a two-headed ogre
  7259 | D:10     | Reached **** piety under Okawaru
  7259 | D:10     | Reached XP level 10. HP: 13/88 MP: 9/9
  7631 | D:10     | Found a shattered altar of Ashenzari.
  7637 | D:10     | Found a staircase to the Orcish Mines.
  7684 | D:10     | Found a staircase to the Lair.
  7989 | D:10     | Found the +5 robe of Night {Dark MR+ SInv}
  8136 | D:10     | Reached skill level 10 in Fighting
  8478 | D:10     | Noticed a red ugly thing
  8495 | D:10     | Killed a red ugly thing
  8719 | D:11     | Noticed a cyclops
  8880 | D:11     | Killed a cyclops
  8880 | D:11     | Reached ***** piety under Okawaru
  8953 | D:11     | Reached skill level 10 in Axes
  9508 | D:11     | Noticed a purple ugly thing
  9529 | D:11     | Killed a purple ugly thing
  9529 | D:11     | Reached XP level 11. HP: 70/102 MP: 10/10
  9744 | D:11     | Received a gift from Okawaru
  9747 | D:11     | Got a spiked hat {god gift}
  9753 | D:11     | Identified the +2 hat of the Peculiar Deaths {Str+5}
                  | (Okawaru gifted it to you on level 11 of the Dungeon)
  9968 | D:11     | Noticed Erica
  9981 | D:11     | Killed Erica
 10580 | D:12     | Noticed Josephine
 10618 | D:12     | Killed Josephine
 10917 | D:12     | Noticed a green ugly thing
 10957 | D:12     | Killed a green ugly thing
 11364 | D:12     | Reached skill level 10 in Armour
 11428 | D:12     | Noticed Nergalle
 11435 | D:12     | Killed Nergalle
 11435 | D:12     | Received a gift from Okawaru
 12015 | D:13     | Noticed a centaur warrior
 12026 | D:13     | Killed a centaur warrior
 12026 | D:13     | Reached XP level 12. HP: 83/110 MP: 11/11
 12251 | D:13     | Noticed Frances
 12269 | D:12     | Killed Frances
 12613 | D:13     | Received a gift from Okawaru
 12891 | D:13     | Received a gift from Okawaru
 12895 | D:13     | Got a jacinth-encrusted crystal plate armour {god gift}
 12896 | D:13     | Identified the +12 crystal plate armour of Indomitability
                  | {Regen+ rCorr Dex+3} (Okawaru gifted it to you on level 13
                  | of the Dungeon)
 12941 | D:13     | Noticed a two-headed ogre
 12952 | D:13     | Killed a two-headed ogre
 13053 | D:13     | Noticed a two-headed ogre
 13062 | D:13     | Killed a two-headed ogre
 13062 | D:13     | Reached skill level 10 in Shields
 13120 | D:13     | Noticed a two-headed ogre
 13129 | D:13     | Killed a two-headed ogre
 13279 | D:14     | Reached ****** piety under Okawaru
 13364 | D:14     | Got a smoking hand axe
 13365 | D:14     | Identified the +4 hand axe "Xohiosikk" {flame, Int+4} (You
                  | found it on level 14 of the Dungeon)
 13408 | D:14     | Noticed a centaur warrior
 13417 | D:14     | Killed a centaur warrior
 13494 | D:14     | Noticed a six-headed hydra
 13503 | D:14     | Killed a one-headed hydra
 13503 | D:14     | Reached XP level 13. HP: 114/116 MP: 12/12
 13903 | D:14     | Found a gate to the Vaults.
 14383 | Lair:1   | Entered Level 1 of the Lair of Beasts
 14694 | Lair:1   | Noticed Sonja
 14704 | Lair:1   | Killed Sonja
 14872 | Lair:1   | You fall into a shaft and drop 1 floor!
 14911 | Lair:2   | Received a gift from Okawaru
 14991 | Lair:2   | Found a runed translucent door.
 15580 | Lair:2   | Noticed Soopleu's ghost (journeyman DrTm)
 15992 | Lair:3   | Reached skill level 15 in Armour
 16001 | Lair:3   | Found a glowing silver altar of Zin.
 16031 | Lair:3   | Found a staircase to the Shoals.
 16166 | Lair:3   | Found a transporter.
 16171 | Lair:3   | Found a hole to the Spider Nest.
 16206 | Lair:3   | You fall into a shaft and drop 2 floors!
 16772 | Lair:3   | Found a transporter.
 17291 | Lair:4   | Received a gift from Okawaru
 17331 | Lair:4   | Reached XP level 14. HP: 124/124 MP: 13/13
 17978 | Lair:6   | Entered Level 6 of the Lair of Beasts
 18782 | Lair:6   | Found a runed translucent door.
 18782 | Lair:6   | Noticed Laplelam's ghost (journeyman OgTm)
 18882 | Lair:6   | Found a staircase to the Slime Pits.
 19251 | D:15     | Entered Level 15 of the Dungeon
 19285 | D:15     | Received a gift from Okawaru
 19891 | D:15     | Received a gift from Okawaru
 20420 | D:15     | Reached XP level 15. HP: 130/130 MP: 14/14
 20477 | D:15     | Found a staircase to the Depths.
 20693 | Orc:1    | Entered Level 1 of the Orcish Mines
 20740 | Orc:1    | Found Pucaupt's Food Shop.
 21073 | Orc:2    | Entered Level 2 of the Orcish Mines
 21215 | Orc:1    | Noticed Maurice
 21225 | Orc:1    | Killed Maurice
 21400 | Orc:2    | Found Qeiv's Book Shoppe.
 21429 | Orc:2    | Gained mutation: Armour fits poorly on your strangely
                  | shaped body. [a neqoxec]
 21433 | Orc:2    | Gained mutation: Your spells are a little easier to cast,
                  | but a little less powerful. [a neqoxec]
 21436 | Orc:2    | Gained mutation: You occasionally shout uncontrollably at
                  | your foes. [a neqoxec]
 22092 | Orc:2    | Found Juadwu's General Store.
 22092 | Orc:2    | Found Bumeajat's Antique Weapon Boutique.
 22113 | Orc:2    | Found Cijupi's General Store.
 22116 | Orc:2    | Found Qaor's General Store.
 22124 | Orc:2    | Bought the ring "Gaasawag" {rPois MR+ Str+3} for 552 gold
                  | pieces
 22263 | Orc:2    | Found a staircase to the Elven Halls.
 22953 | Spider:1 | Entered Level 1 of the Spider Nest
 22958 | Lair:3   | Reached skill level 10 in Dodging
 23170 | Spider:1 | Noticed Roxanne
 23269 | Spider:1 | Received a gift from Okawaru
 23824 | Spider:2 | Found a frozen archway.
 23832 | IceCv    | Entered an ice cave
 24026 | IceCv    | Reached XP level 16. HP: 144/144 MP: 15/15
 24238 | IceCv    | Noticed an Ice Fiend
 24289 | IceCv    | Killed an Ice Fiend
 25024 | Spider:2 | Reached skill level 15 in Fighting
 25119 | Spider:2 | Received a gift from Okawaru
 26193 | Spider:3 | Noticed Asterion
 26195 | Spider:3 | Noticed an Executioner
 26448 | Spider:3 | Killed Asterion
 26660 | Spider:4 | Entered Level 4 of the Spider Nest
 27216 | Spider:4 | Identified a scroll of acquirement
 27643 | Spider:4 | Received a gift from Okawaru
 28030 | Spider:4 | Reached XP level 17. HP: 124/163 MP: 16/16
 28253 | Spider:4 | Got a gossamer rune of Zot
 28330 | Spider:4 | Received a gift from Okawaru
 28337 | Spider:4 | Reached skill level 15 in Shields
 28800 | Vaults:1 | Entered Level 1 of the Vaults
 29042 | Vaults:1 | Received a gift from Okawaru
 29783 | Vaults:1 | Received a gift from Okawaru
 30013 | Vaults:1 | Found Byrriane's Armour Boutique.
 30021 | Vaults:1 | Bought the +0 mask of the Dragon {MR+ Slay+3 SInv} for 400
                  | gold pieces
 30021 | Vaults:1 | Found the +0 mask of the Dragon {MR+ Slay+3 SInv}
 30313 | Vaults:1 | Reached XP level 18. HP: 167/172 MP: 17/17
 30580 | Vaults:1 | Received a gift from Okawaru
 30895 | Vaults:2 | Received a gift from Okawaru
 31432 | Vaults:2 | Got the +1 pair of gloves of Pleasant Breezes {+Blink MP+9}
 31636 | Vaults:2 | Received a gift from Okawaru
 31664 | Vaults:2 | Reached XP level 19. HP: 179/179 MP: 18/18
 32113 | Vaults:2 | Noticed Donald
 32142 | Vaults:2 | Killed Donald
 32710 | Vaults:3 | Received a gift from Okawaru
 32966 | Vaults:3 | Reached skill level 1 in Throwing
 33077 | Vaults:3 | Reached skill level 5 in Throwing
 33606 | Vaults:3 | Reached skill level 10 in Throwing
 33741 | Vaults:3 | Found a staircase to the Crypt.
 34122 | Vaults:4 | Reached XP level 20. HP: 187/187 MP: 19/19
 34298 | Vaults:4 | Received a gift from Okawaru
 34320 | Vaults:4 | Identified a +2 pair of boots of running (Okawaru gifted it
                  | to you on level 4 of the Vaults)
 34603 | Vaults:4 | Reached skill level 15 in Axes
 35290 | Vaults:4 | Noticed Xtahua
 35305 | Vaults:4 | Killed Xtahua
 35322 | Vaults:4 | Noticed Slobodan's ghost (adept OgFE)
 35322 | Vaults:4 | Found a large runed translucent door.
 35323 | Vaults:4 | Found a large runed translucent door.
 35370 | Vaults:4 | Found a huge runed gate.
 35370 | Vaults:4 | Found a huge runed gate.
 35370 | Vaults:4 | Found a huge runed gate.
 35370 | Vaults:4 | Found a huge runed gate.
 35370 | Vaults:4 | Found a huge runed gate.
 35370 | Vaults:4 | Found a huge runed gate.
 35371 | Vaults:4 | Found a huge runed gate.
 35371 | Vaults:4 | Found a huge runed gate.
 35372 | Vaults:4 | Found a huge runed gate.
 35372 | Vaults:4 | Found a huge runed gate.
 35372 | Vaults:4 | Found a huge runed gate.
 35372 | Vaults:4 | Found a huge runed gate.
 35372 | Vaults:4 | Found a huge runed gate.
 35373 | Vaults:4 | Found a huge runed gate.
 35374 | Vaults:4 | Found a huge runed gate.
 35375 | Vaults:4 | Found a huge runed gate.
 35376 | Vaults:4 | Found a huge runed gate.
 35384 | Vaults:4 | Found a huge runed gate.
 35384 | Vaults:4 | Found a huge runed gate.
 35384 | Vaults:4 | Found a huge runed gate.
 35384 | Vaults:4 | Found a huge runed gate.
 35384 | Vaults:4 | Found a huge runed gate.
 35384 | Vaults:4 | Found a huge runed gate.
 35384 | Vaults:4 | Found a huge runed gate.
 35385 | Vaults:4 | Found a huge runed gate.
 35386 | Vaults:4 | Found a huge runed gate.
 35394 | Vaults:4 | Found a huge runed gate.
 35394 | Vaults:4 | Found a huge runed gate.
 35394 | Vaults:4 | Found a huge runed gate.
 35394 | Vaults:4 | Found a huge runed gate.
 35394 | Vaults:4 | Found a huge runed gate.
 35394 | Vaults:4 | Found a huge runed gate.
 35394 | Vaults:4 | Found a huge runed gate.
 35395 | Vaults:4 | Found a huge runed gate.
 35396 | Vaults:4 | Found a huge runed gate.
 35404 | Vaults:4 | Found a huge runed gate.
 35552 | Vaults:4 | Found Nacvil's Distillery.
 35757 | Vaults:4 | Received a gift from Okawaru
 35787 | Vaults:4 | Killed Slobodan's ghost
 36036 | Depths:1 | Entered Level 1 of the Depths
 36042 | Depths:1 | Found Luimau's Assorted Antiques.
 36124 | Depths:1 | Found a gateway to Hell.
 36173 | Depths:1 | Reached skill level 5 in Invocations
 36227 | Depths:1 | Received a gift from Okawaru
 36617 | Depths:1 | Found Reczul's General Store.
 36629 | Depths:1 | Found Juollic's Gadget Shop.
 37121 | Depths:2 | Reached XP level 21. HP: 194/194 MP: 25/25
 37328 | Depths:2 | Found Yppiapre's Antique Armour Shoppe.
 37332 | Depths:2 | Found Sapupiq's Gadget Emporium.
 37333 | Depths:2 | Found Zif Zic's Antique Weapon Shoppe.
 37338 | Depths:2 | Noticed a juggernaut
 37355 | Depths:2 | Killed a juggernaut
 37773 | Depths:2 | Received a gift from Okawaru
 37931 | Depths:2 | Identified the Tome of Air and Changing
 38113 | Depths:2 | Got a wavering ivory ring
 38114 | Depths:2 | Identified the ring "Jeokheas" {rN+ Stlth+} (You found it
                  | on level 2 of the Depths)
 38729 | Depths:3 | Received a gift from Okawaru
 38795 | Depths:3 | Received a gift from Okawaru
 39071 | Depths:3 | Found a runed translucent door.
 39071 | Depths:3 | Noticed a golden dragon
 39085 | Depths:3 | Killed a golden dragon
 39101 | Depths:3 | Noticed a juggernaut
 39101 | Depths:3 | Noticed a golden dragon
 39102 | Depths:3 | Noticed a juggernaut
 39104 | Depths:3 | Found the +6 arbalest "Damnation" {damnation}
 39108 | Depths:3 | Found a runed translucent door.
 39245 | Depths:3 | Killed a juggernaut
 39252 | Depths:3 | Killed a juggernaut
 39252 | Depths:3 | Received a gift from Okawaru
 39252 | Depths:3 | Reached XP level 22. HP: 165/202 MP: 26/26
 39413 | Depths:3 | Found a gateway to a ziggurat.
 39524 | Depths:3 | Killed a golden dragon
 39684 | Depths:3 | Found a one-way gate leading to the halls of Pandemonium.
 39952 | Depths:3 | Received a gift from Okawaru
 40210 | Depths:3 | Noticed an ancient lich
 40213 | Depths:3 | Noticed an ancient lich
 40241 | Depths:3 | Killed an ancient lich
 40241 | Depths:3 | Received a gift from Okawaru
 40253 | Depths:3 | Killed an ancient lich
 40281 | Depths:3 | Received a gift from Okawaru
 40436 | Depths:4 | Noticed Mara
 40458 | Depths:4 | Noticed gruber's illusion
 40461 | Depths:4 | Killed Mara
 40461 | Depths:4 | Received a gift from Okawaru
 40528 | Depths:4 | Noticed a caustic shrike
 40556 | Depths:4 | Killed a caustic shrike
 40680 | Depths:4 | Noticed a caustic shrike
 40703 | Depths:4 | Killed a caustic shrike
 40724 | Depths:4 | Got the ring of Joucergh {+Fly rF+ Slay+4}
 40864 | Depths:4 | Reached XP level 23. HP: 215/215 MP: 27/27
 41033 | Depths:4 | Received a gift from Okawaru
 41117 | Depths:4 | Found a one-way gate to the infinite horrors of the Abyss.
 41131 | Depths:4 | Noticed a caustic shrike
 41132 | Depths:4 | Noticed a caustic shrike
 41144 | Depths:4 | Killed a caustic shrike
 41147 | Depths:4 | Killed a caustic shrike
 41147 | Depths:4 | Received a gift from Okawaru
 41246 | Depths:4 | Noticed an ancient lich
 41283 | Depths:4 | Killed an ancient lich
 41303 | Depths:4 | Lost intelligence.
 41316 | Depths:4 | Identified the ring "Faqiw" {rF+ rC- MP+9 Stlth+}
 41318 | Depths:4 | Noticed an ancient lich
 41337 | Depths:4 | Killed an ancient lich
 41904 | Depths:5 | Entered Level 5 of the Depths
 42160 | Depths:5 | Noticed the Enchantress
 42223 | Depths:5 | Killed the Enchantress
 42398 | Depths:5 | Received a gift from Okawaru
 42857 | Depths:5 | Noticed Mennas
 42918 | Depths:5 | Killed Mennas
 42974 | Depths:5 | Reached XP level 24. HP: 236/236 MP: 27/27
 43052 | Depths:5 | Found a gate to the Realm of Zot.
 43174 | Depths:5 | Noticed Boris
 43186 | Depths:5 | Killed Boris
 44346 | Shoals:1 | Entered Level 1 of the Shoals
 44453 | Shoals:1 | Received a gift from Okawaru
 44492 | Shoals:1 | Got a crude bone ring
 44493 | Shoals:1 | Identified the ring "Aherr" {Wiz rPois rF+++ rC+ Str-3}
                  | (You found it on level 1 of the Shoals)
 46419 | Shoals:3 | Received a gift from Okawaru
 46795 | Shoals:3 | Noticed Ilsuiw
 46853 | Shoals:3 | Killed Ilsuiw
 46890 | Shoals:3 | Found a hide-covered altar of Uskayaw.
 47216 | Shoals:4 | Entered Level 4 of the Shoals
 47773 | Shoals:4 | Received a gift from Okawaru
 47853 | Shoals:4 | Got a pitted hand axe {god gift}
 47854 | Shoals:4 | Identified the +8 hand axe "Ryshyus" {freeze, rElec rC+
                  | Dex+2 Stlth-} (Okawaru gifted it to you on level 4 of the
                  | Shoals)
 48253 | Shoals:4 | Found the +7 sceptre of Torment {pain, torment}
 48291 | Shoals:4 | Got a barnacled rune of Zot
 48462 | Shoals:4 | Got a pitted granite ring
 48463 | Shoals:4 | Identified the ring of Detzapp {rElec rPois rC+ MP+9} (You
                  | found it on level 4 of the Shoals)
 48693 | Elf:1    | Entered Level 1 of the Elven Halls
 48965 | Elf:1    | Identified the Guide on Cloudy Translocation
 49096 | Elf:1    | Found Citef's Book Shoppe.
 49107 | Elf:1    | Found Temessug's Gadget Boutique.
 49138 | Elf:1    | Found Zupaar's Food Shop.
 49151 | Elf:1    | Bought a book of Minor Magic for 280 gold pieces
 49154 | Elf:1    | Learned a level 2 spell: Blink
 49217 | Elf:1    | Received a gift from Okawaru
 49225 | Elf:1    | Got a scorched tower shield {god gift}
 49226 | Elf:1    | Identified the +2 tower shield of the Guilds {+Inv}
                  | (Okawaru gifted it to you on level 1 of the Elven Halls)
 49245 | Elf:1    | Identified Kikubaaqudgha's Reference Book on Dark Secrets
 49701 | Elf:1    | Found Lusar's Magic Scroll Emporium.
 49718 | Elf:1    | Bought a scroll of magic mapping for 52 gold pieces
 49718 | Elf:1    | Bought a scroll of identify for 30 gold pieces
 49718 | Elf:1    | Bought a scroll of identify for 30 gold pieces
 50279 | Elf:2    | Reached XP level 25. HP: 255/255 MP: 27/27
 50307 | Elf:2    | Reached skill level 27 in Fighting
 50315 | Elf:2    | Reached skill level 1 in Translocations
 50435 | Elf:2    | Found Jiorur's General Store.
 50435 | Elf:2    | Found a runed translucent gate.
 50435 | Elf:2    | Found a runed translucent gate.
 50471 | Elf:2    | Found a runed translucent gate.
 50701 | Elf:2    | Found Siuczoer's One-of-a-Kind Books.
 50848 | Elf:2    | Noticed Saint Roka
 50878 | Elf:2    | Killed Saint Roka
 51024 | Elf:2    | Reached skill level 5 in Translocations
 51402 | Elf:3    | Entered Level 3 of the Elven Halls
 51989 | Elf:3    | Identified the cursed ring of Eris {rElec Str+8 Int-4 Dex+4
                  | Stlth-}
 52107 | Elf:3    | Identified the +7 leather armour of Exclusion {+Inv rF-
                  | MR++ Regen+}
 52384 | Elf:3    | Identified the ring "Raleghi" {rElec rF+ rC+ rN+ Dex-3
                  | Stlth+}
 52485 | Elf:3    | Received a gift from Okawaru
 52495 | Elf:3    | Identified the amulet "Metyupok" {Faith MP+9 Str+6}
 52542 | Elf:3    | Identified the +11 morningstar "Jifeqoebu" {protect, rF+
                  | Str+4 Dex+4}
 52542 | Elf:3    | Identified the amulet of the Equinox {Reflect rC+ Int+2
                  | SH+5}
 52543 | Elf:3    | Identified the +4 scale mail of Zuefuatt {Regen+ Dex+3}
 52546 | Elf:3    | Identified the amulet "Tifrior" {Acrobat rPois Int+6 Dex-3
                  | SInv}
 52696 | Elf:3    | Identified the Compendium of Evil
 52715 | Elf:3    | Identified the Catalogue of Toxic Companions
 52755 | Elf:3    | Found the +9 heavy crossbow "Sniper" {vorpal, Acc+∞ SInv}
 53211 | Vaults:5 | Entered Level 5 of the Vaults
 53238 | Vaults:5 | Received a gift from Okawaru
 53299 | Vaults:5 | Reached skill level 10 in Translocations
 53429 | Vaults:5 | Reached XP level 26. HP: 266/266 MP: 26/27
 53573 | Vaults:5 | Found Inojudi's Antique Weapon Shoppe.
 53579 | Vaults:5 | Found Ocvelaom's Gadget Boutique.
 53657 | Vaults:5 | Received a gift from Okawaru
 53670 | Vaults:5 | Received a gift from Okawaru
 53896 | Vaults:5 | Got a fine pewter ring
 53897 | Vaults:5 | Identified the ring of Uvvov {Int+5 Dex+6} (You found it on
                  | level 5 of the Vaults)
 53950 | Vaults:5 | Reached skill level 15 in Dodging
 54020 | Vaults:5 | Found Bidib's Distillery.
 54031 | Vaults:5 | Found Caryxos's Magic Scroll Boutique.
 54143 | Vaults:5 | Received a gift from Okawaru
 54203 | Vaults:5 | Received a gift from Okawaru
 54270 | Vaults:5 | Found Fagyll's Food Shop.
 54288 | Vaults:5 | Got a silver rune of Zot
 54353 | Vaults:5 | Received a gift from Okawaru
 54578 | Vaults:5 | Found Pasazyvo's Jewellery Boutique.
 54585 | Vaults:5 | Found Xehul's Book Shoppe.
 54759 | Vaults:5 | Found Untiriat's Distillery.
 54770 | Vaults:5 | Found Barug's Magic Scroll Shop.
 54770 | Vaults:5 | Found Tocitouc's Food Shoppe.
 54774 | Vaults:5 | Bought 2 scrolls of brand weapon for 480 gold pieces
 54814 | Vaults:5 | Found Bitweuj's Food Emporium.
 54829 | Vaults:5 | Found Pocyelod's Food Shop.
 54837 | Vaults:5 | Found Qiopnoack's Food Shoppe.
 55283 | Zot:1    | Entered Level 1 of the Realm of Zot
 56354 | Zot:1    | Noticed an orb of fire
 56362 | Zot:1    | Gained mutation: Scrolls take you a little longer to read.
                  | [an orb of fire]
 56368 | Zot:1    | Killed an orb of fire
 56876 | Zot:2    | Reached XP level 27. HP: 234/273 MP: 27/27
 57477 | Zot:2    | Received a gift from Okawaru
 57997 | Zot:3    | Received a gift from Okawaru
 58008 | Zot:3    | Got a scorched hat {god gift}
 58011 | Zot:3    | Identified the +2 hat "Talyat" {rF+ Str+4} (Okawaru gifted
                  | it to you on level 3 of the Realm of Zot)
 58138 | Zot:3    | You fall into a shaft and drop 1 floor!
 59068 | Zot:4    | Received a gift from Okawaru
 59709 | Zot:4    | Identified the Guide on Creation and the Arsonist
 60323 | Temple   | Entered the Ecumenical Temple
 60334 | Temple   | Fell from the grace of Okawaru
 60334 | Temple   | Became a worshipper of the Shining One
 60631 | Crypt:1  | Entered Level 1 of the Crypt
 60791 | Crypt:1  | Noticed Bai Suzhen
 60802 | Crypt:1  | Reached * piety under the Shining One
 60808 | Crypt:1  | Killed Bai Suzhen
 60808 | Crypt:1  | Reached skill level 10 in Invocations
 60897 | Crypt:1  | Noticed Margery
 60910 | Crypt:1  | Killed Margery
 60914 | Crypt:1  | Reached ** piety under the Shining One
 60998 | Crypt:1  | Reached *** piety under the Shining One
 61045 | Crypt:1  | Reached **** piety under the Shining One
 61114 | Crypt:1  | Reached ***** piety under the Shining One
 61549 | Crypt:2  | Found a basalt altar of Yredelemnul.
 61568 | Crypt:2  | Reached ****** piety under the Shining One
 61598 | Crypt:2  | Identified a +4 broad axe of holy wrath (a +2 broad axe
                  | blessed by the Shining One)
 61598 | Crypt:2  | Received a gift from the Shining One
 61721 | Crypt:2  | Found a runed translucent gate.
 61721 | Crypt:2  | Found a runed translucent gate.
 61721 | Crypt:2  | Found an opulent altar of Gozag.
 61722 | Crypt:2  | Found a runed translucent gate.
 61728 | Crypt:2  | Found Cyjyll's Assorted Antiques.
 61728 | Crypt:2  | Noticed Vikohomu's ghost (veteran VSSu)
 61729 | Crypt:2  | Found Hoxinlew's Assorted Antiques.
 61741 | Crypt:2  | Killed Vikohomu's ghost
 62370 | Crypt:3  | Entered Level 3 of the Crypt
 62627 | Crypt:3  | Noticed an ancient lich
 62628 | Crypt:3  | Found an ancient bone altar of Kikubaaqudgha.
 62632 | Crypt:3  | Killed an ancient lich
 62926 | Crypt:3  | Found the +8 orange crystal plate armour {Archmagi, Int+3
                  | Clar}
 63183 | Crypt:3  | Found a staircase to the Tomb.
 63417 | Tomb:1   | Entered Level 1 of the Tomb of the Ancients
 63417 | Tomb:1   | Found the +7 captain's cutlass {speed, disarm}
 63566 | Tomb:1   | Reached skill level 27 in Axes
 64013 | Tomb:1   | Noticed Khufu
 64104 | Tomb:1   | Killed Khufu
 64291 | Tomb:1   | Noticed a greater mummy
 64297 | Tomb:1   | Killed a greater mummy
 64422 | Tomb:1   | Noticed a greater mummy
 64429 | Tomb:1   | Killed a greater mummy
 64457 | Tomb:1   | Noticed an ancient lich
 64462 | Tomb:1   | Killed an ancient lich
 64512 | Tomb:1   | Noticed a greater mummy
 64522 | Tomb:1   | Killed a greater mummy
 65349 | Vaults:5 | Bought a scroll of enchant weapon for 165 gold pieces
 65791 | Hell     | Entered the Vestibule of Hell
 65801 | Hell     | Noticed Geryon
 65841 | Hell     | Killed Geryon
 65948 | Hell     | Found a gateway to the Iron City of Dis.
 65978 | Hell     | Found a gateway to the ashen valley of Gehenna.
 66144 | Hell     | Found a gateway to the decaying netherworld of Tartarus.
 66194 | Hell     | Found a gateway to the freezing wastes of Cocytus.
 66255 | Coc:1    | Entered Level 1 of Cocytus
 66335 | Depths:3 | Was forgiven by Okawaru
 66966 | Geh:1    | Entered Level 1 of Gehenna
 68153 | Geh:2    | You fall into a shaft and drop 2 floors!
 68203 | Geh:4    | Noticed an ancient lich
 68298 | Geh:4    | Killed an ancient lich
 68298 | Geh:4    | Reached skill level 27 in Armour
 72837 | Geh:6    | Reached skill level 27 in Shields
 72949 | Geh:7    | Entered Level 7 of Gehenna
 72954 | Geh:7    | Reached skill level 15 in Invocations
 73747 | Geh:7    | Identified the ring "Coner" {+Fly Str+4 Int+3 Slay+2}
 73883 | Geh:7    | Identified the +7 sceptre of Asmodeus
 73883 | Geh:7    | Noticed Asmodeus
 73996 | Geh:7    | Killed Asmodeus
 74065 | Geh:7    | Got an obsidian rune of Zot
 74258 | Tar:1    | Entered Level 1 of Tartarus
 80306 | Tar:7    | Entered Level 7 of Tartarus
 80606 | Tar:7    | Noticed Ereshkigal
 80633 | Tar:7    | Killed Ereshkigal
 80784 | Tar:7    | Noticed an ancient lich
 80795 | Tar:7    | Killed an ancient lich
 80810 | Tar:7    | Identified the Compendium of Clay and Execration
 80951 | Tar:7    | Identified Tesomu Gaure's Papyrus of Combat Magic
 80975 | Tar:7    | Reached skill level 27 in Invocations
 81378 | Tar:7    | Got a bone rune of Zot
 81773 | Tar:7    | Identified Sif Muna's Collected Works on Protection and
                  | Attacks
 81928 | Dis:1    | Entered Level 1 of the Iron City of Dis
 84222 | Dis:3    | You fall into a shaft and drop 2 floors!
 84332 | Dis:5    | Reached skill level 27 in Dodging
 84395 | Dis:3    | Paralysed by a Zot trap for 5 turns
 86073 | Dis:5    | Reached skill level 15 in Throwing
 87532 | Dis:7    | Entered Level 7 of the Iron City of Dis
 87904 | Dis:7    | Gained mutation: You are partially covered in molten
                  | scales. (AC +2) [a cacodemon]
 88028 | Dis:7    | Noticed the Serpent of Hell
 88051 | Dis:7    | Killed the Serpent of Hell
 88318 | Dis:7    | Identified the +4 staff of Dispater
 88318 | Dis:7    | Noticed Dispater
 88345 | Dis:7    | Killed Dispater
 88453 | Dis:7    | Got an iron rune of Zot
 89645 | Dis:7    | Identified Rietilot's Grimoire of the Mutagenic Birds
 89658 | Dis:7    | Got a sparkling iron ring
 89661 | Dis:7    | Identified the ring of Circularity {rElec MR+ Int-5 Slay+5
                  | Stlth-} (You found it on level 7 of the Iron City of Dis)
 89780 | Dis:7    | Learned a level 8 spell: Controlled Blink
 95367 | Coc:5    | Reached skill level 27 in Throwing
 97009 | Coc:7    | Entered Level 7 of Cocytus
 97329 | Coc:7    | Noticed Antaeus
 97348 | Coc:7    | Reached skill level 15 in Translocations
 97880 | Coc:7    | Reached skill level 1 in Spellcasting
 98292 | Coc:7    | Found the +2 ratskin cloak {+Rats rPois rN+ Str-1 Int-1
                  | Dex+1}
 98523 | Coc:7    | Reached skill level 5 in Spellcasting
 98526 | Coc:7    | Killed Antaeus
 98545 | Coc:7    | Got an icy rune of Zot
 98580 | Coc:7    | Got a transparent hunting sling
 98583 | Coc:7    | Identified the +6 hunting sling "Kudeej" {freeze, *Slow
                  | Dex+5} (You found it on level 7 of Cocytus)
 98883 | Depths:5 | Voluntarily entered the Abyss.
 98883 | Abyss:1  | Found a corrupted altar of Lugonu.
 98968 | Abyss:2  | Found a corrupted altar of Lugonu.
 99616 | Abyss:2  | Found an ancient bone altar of Kikubaaqudgha.
 99831 | Abyss:2  | Found a corrupted altar of Lugonu.
100462 | Abyss:3  | Found a corrupted altar of Lugonu.
100523 | Abyss:3  | Found a corrupted altar of Lugonu.
100696 | Abyss:3  | Reached skill level 10 in Spellcasting
101392 | Abyss:3  | Noticed an ancient lich
101393 | Abyss:3  | Gained mutation: You are weak. (Str -2) [a neqoxec]
101404 | Abyss:3  | Killed an ancient lich
101724 | Abyss:3  | Noticed an ancient lich
101736 | Abyss:3  | Killed an ancient lich
101909 | Abyss:4  | Found a roughly hewn altar of Beogh.
102035 | Abyss:4  | Found a roughly hewn altar of Beogh.
102118 | Abyss:4  | Found a transporter.
102151 | Abyss:4  | Paralysed by accursed screaming for 1 turns
102798 | Abyss:4  | Noticed an ancient lich
102859 | Abyss:4  | Killed an ancient lich
103076 | Abyss:4  | Gained mutation: You are very weak. (Str -4) [a neqoxec]
103174 | Abyss:4  | Gained mutation: You do not regenerate when monsters are
                  | visible. [a neqoxec]
103177 | Abyss:4  | Lost mutation: You are very weak. (Str -4) [potion of
                  | mutation]
103177 | Abyss:4  | Lost mutation: Scrolls take you a little longer to read.
                  | [potion of mutation]
103177 | Abyss:4  | Lost mutation: You occasionally shout uncontrollably at
                  | your foes. [potion of mutation]
103177 | Abyss:4  | Gained mutation: Your magical capacity is extremely low.
                  | (-30% MP) [potion of mutation]
103177 | Abyss:4  | Gained mutation: You have very sharp teeth. [potion of
                  | mutation]
103178 | Abyss:4  | Lost mutation: Your magical capacity is extremely low.
                  | (-30% MP) [potion of mutation]
103178 | Abyss:4  | Lost mutation: Your spells are a little easier to cast, but
                  | a little less powerful. [potion of mutation]
103178 | Abyss:4  | Lost mutation: You are weak. (Str -2) [potion of mutation]
103178 | Abyss:4  | Lost mutation: Armour fits poorly on your strangely shaped
                  | body. [potion of mutation]
103178 | Abyss:4  | Gained mutation: You are resistant to hostile enchantments.
                  | (MR+) [potion of mutation]
103178 | Abyss:4  | Gained mutation: You have large cloven feet. [potion of
                  | mutation]
103390 | Abyss:4  | Reached skill level 15 in Spellcasting
103454 | Abyss:4  | Gained mutation: You are weak. (Str -2) [a neqoxec]
103688 | Abyss:4  | Found an opulent altar of Gozag.
103688 | Abyss:4  | Found a sparkling altar of Nemelex Xobeh.
103688 | Abyss:4  | Found an ancient bone altar of Kikubaaqudgha.
103688 | Abyss:4  | Found a white marble altar of Elyvilon.
103688 | Abyss:4  | Found a shattered altar of Ashenzari.
103688 | Abyss:4  | Found a shadowy altar of Dithmenos.
103688 | Abyss:4  | Found a hazy altar of Hepliaklqana.
103688 | Abyss:4  | Found a stormy altar of Qazlal.
103688 | Abyss:4  | Found a hide-covered altar of Uskayaw.
103688 | Abyss:4  | Found a shimmering blue altar of Sif Muna.
103690 | Abyss:4  | Found an ornate altar of the Wu Jian Council.
103712 | Abyss:4  | Found a shadowy altar of Dithmenos.
103712 | Abyss:4  | Found a stormy altar of Qazlal.
103716 | Abyss:4  | Found a burning altar of Makhleb.
103716 | Abyss:4  | Found a shimmering altar of Xom.
103716 | Abyss:4  | Found a blossoming altar of Fedhas.
103718 | Abyss:4  | Found a bloodstained altar of Trog.
103718 | Abyss:4  | Found a glowing golden altar of the Shining One.
103718 | Abyss:4  | Found a basalt altar of Yredelemnul.
103718 | Abyss:4  | Found an iron altar of Okawaru.
103720 | Abyss:4  | Found a glowing silver altar of Zin.
103720 | Abyss:4  | Found a radiant altar of Vehumet.
103720 | Abyss:4  | Found a basalt altar of Yredelemnul.
103775 | Abyss:4  | Found a shattered altar of Ashenzari.
103775 | Abyss:4  | Found a shadowy altar of Dithmenos.
103808 | Abyss:4  | Paralysed by accursed screaming for 1 turns
103820 | Abyss:4  | Found an ancient bone altar of Kikubaaqudgha.
103847 | Abyss:4  | Found a white marble altar of Elyvilon.
103947 | Abyss:4  | Paralysed by accursed screaming for 1 turns
104118 | Abyss:4  | Got an abyssal rune of Zot
104170 | Depths:5 | Escaped the Abyss
104195 | Depths:5 | Lost mutation: You are resistant to hostile enchantments.
                  | (MR+) [potion of mutation]
104195 | Depths:5 | Lost mutation: You are weak. (Str -2) [potion of mutation]
104195 | Depths:5 | Lost mutation: You do not regenerate when monsters are
                  | visible. [potion of mutation]
104195 | Depths:5 | Gained mutation: You are partially covered in yellow
                  | scales. (AC +2) [potion of mutation]
104818 | Pan      | Entered Pandemonium
104980 | Pan      | Found a huge runed translucent gate.
105359 | Pan      | Found a huge runed translucent gate.
105360 | Pan      | Found a huge runed translucent gate.
105360 | Pan      | Found a huge runed translucent gate.
105360 | Pan      | Found a huge runed translucent gate.
105360 | Pan      | Found a huge runed translucent gate.
105360 | Pan      | Found a huge runed translucent gate.
105383 | Pan      | Noticed Asuhan the pandemonium lord
105403 | Pan      | Killed Asuhan the pandemonium lord
105544 | Pan      | Noticed Wylankiro the pandemonium lord
105567 | Pan      | Killed Wylankiro the pandemonium lord
105587 | Pan      | Got a vibrating iron ring
105588 | Pan      | Identified the ring of the Invisible Ships {rElec rF+ Str-2
                  | SInv} (You found it in Pandemonium)
105880 | Pan      | Noticed Mocit the pandemonium lord
105899 | Pan      | Killed Mocit the pandemonium lord
106090 | Pan      | Noticed Ceuck the pandemonium lord
106104 | Pan      | Killed Ceuck the pandemonium lord
106526 | Pan      | Gained mutation: Your magical capacity is low. (-10% MP) [a
                  | neqoxec]
106970 | Pan      | Found a runed translucent door.
106974 | Pan      | Found a runed translucent door.
106977 | Pan      | Found a runed translucent door.
106979 | Pan      | Found a runed translucent door.
107009 | Pan      | Noticed Tehofew the pandemonium lord
107016 | Pan      | Killed Tehofew the pandemonium lord
107149 | Pan      | Noticed a seraph
107167 | Pan      | Killed a seraph
107168 | Pan      | Found a glowing golden altar of the Shining One.
107358 | Pan      | Got a glittering platinum amulet
107361 | Pan      | Identified the amulet of Wicsicvu {rC+ Regen+} (You found
                  | it in Pandemonium)
107370 | Pan      | Got a translucent fustibalus
107371 | Pan      | Identified the +6 fustibalus of Defiance {venom, rPois rF-
                  | rN+} (You found it in Pandemonium)
107375 | Pan      | Got a demonic rune of Zot
107377 | Pan      | Got a vibrating zirconium amulet
107378 | Pan      | Identified the amulet of Quaw Tai {+Inv rPois Regen+} (You
                  | found it in Pandemonium)
107950 | Pan      | Identified the +6 tower shield of Haunted Mirth {rF+ rN+
                  | Str+2 Stlth-}
108222 | Pan      | Found a glowing silver altar of Zin.
108751 | Pan      | Identified the +3 tower shield "Puqick" {Int+4}
109016 | Pan      | Found a white marble altar of Elyvilon.
111569 | Pan      | Noticed Cayd the pandemonium lord
111578 | Pan      | Killed Cayd the pandemonium lord
111625 | Pan      | Gained mutation: Armour fits poorly on your strangely
                  | shaped body. [a cacodemon]
111628 | Pan      | Gained mutation: Your spells are a little easier to cast,
                  | but a little less powerful. [a cacodemon]
111836 | Pan      | Found an exit through the horrors of the Abyss.
111855 | Pan      | Found a runed translucent door.
111859 | Pan      | Found a runed translucent door.
111863 | Pan      | Found a runed translucent door.
111863 | Pan      | Found a runed translucent door.
111871 | Pan      | Noticed Ughos the pandemonium lord
111878 | Pan      | Killed Ughos the pandemonium lord
112082 | Pan      | Gained mutation: You are dopey. (Int -2) [a cacodemon]
112417 | Pan      | Noticed Ixuog the pandemonium lord
112430 | Pan      | Killed Ixuog the pandemonium lord
112442 | Pan      | Identified the cursed +1 ring mail "Runejaxt" {Str-2 Int+4
                  | Dex+5}
112752 | Pan      | Entered the realm of Gloorx Vloq.
112979 | Pan      | Noticed Gloorx Vloq
112990 | Pan      | Killed Gloorx Vloq
113064 | Pan      | Got a dark rune of Zot
114059 | Pan      | Found a huge runed translucent gate.
114280 | Pan      | Found a huge runed translucent gate.
114281 | Pan      | Found a huge runed translucent gate.
114281 | Pan      | Found a huge runed translucent gate.
114281 | Pan      | Found a huge runed translucent gate.
114281 | Pan      | Found a huge runed translucent gate.
114290 | Pan      | Found a huge runed translucent gate.
114305 | Pan      | Noticed Recwos the pandemonium lord
114328 | Pan      | Killed Recwos the pandemonium lord
114704 | Pan      | Found an exit through the horrors of the Abyss.
114787 | Pan      | Noticed Jikicvecu the pandemonium lord
114801 | Pan      | Killed Jikicvecu the pandemonium lord
115183 | Pan      | Noticed Dufupp the pandemonium lord
115196 | Pan      | Killed Dufupp the pandemonium lord
115302 | Pan      | Gained mutation: Scrolls take you a little longer to read.
                  | [a neqoxec]
116187 | Pan      | Upgraded the game from 0.26-a0-158-g66bac3cce0 to
                  | 0.26-a0-180-ge96aa7da28
116559 | Pan      | Noticed Pogybajy the pandemonium lord
116566 | Pan      | Killed Pogybajy the pandemonium lord
116754 | Pan      | Noticed Mizyhaili the pandemonium lord
116765 | Pan      | Killed Mizyhaili the pandemonium lord
116780 | Pan      | Identified the cursed ring of Ycuggup {MR+ Dex-4}
116908 | Pan      | Found an exit through the horrors of the Abyss.
117337 | Pan      | Noticed Ogorocs the pandemonium lord
117346 | Pan      | Killed Ogorocs the pandemonium lord
117599 | Pan      | Found an exit through the horrors of the Abyss.
118215 | Pan      | Noticed Saevutas the pandemonium lord
118225 | Pan      | Killed Saevutas the pandemonium lord
118719 | Pan      | Entered the realm of Lom Lobon.
119440 | Pan      | Noticed Lom Lobon
119453 | Pan      | Killed Lom Lobon
119564 | Pan      | Got a magical rune of Zot
119703 | Pan      | Entered the realm of Mnoleg.
120012 | Pan      | Gained mutation: Your magical capacity is very low. (-20%
                  | MP) [a cacodemon]
120065 | Pan      | Noticed Mnoleg
120075 | Pan      | Killed Mnoleg
120092 | Pan      | Gained mutation: Your body sometimes deteriorates upon
                  | taking damage. [a neqoxec]
120121 | Pan      | Gained mutation: You are mostly covered in molten scales.
                  | (AC +3) [a cacodemon]
120466 | Pan      | Found an exit through the horrors of the Abyss.
120657 | Pan      | Got a glowing rune of Zot
120908 | Pan      | Gained mutation: You tend to lose your temper in combat. [a
                  | neqoxec]
121175 | Pan      | Found an exit through the horrors of the Abyss.
121314 | Pan      | Gained mutation: You are clumsy. (Dex -2) [a neqoxec]
121663 | Pan      | Entered the realm of Cerebov.
121847 | Pan      | Identified the +6 sword of Cerebov {flame}
121847 | Pan      | Noticed Cerebov
121882 | Pan      | Killed Cerebov
121929 | Pan      | Identified the +0 robe of Shielding {Dex+5 Stlth+}
121929 | Pan      | Identified the amulet of Honesty {Spirit rElec rN++}
122335 | Pan      | Got a smoking jade amulet
122338 | Pan      | Identified the amulet of Bawirale {*Corrode Regen+ Str+5}
                  | (You found it in Pandemonium)
122343 | Pan      | Got a wavering brass ring
122346 | Pan      | Identified the ring of the Solstice {+Blink rF+ rC+ MR+}
                  | (You found it in Pandemonium)
122362 | Pan      | Identified the Collected Works on Venom and Boosts
122382 | Pan      | Got a fiery rune of Zot
122499 | Pan      | Learned a level 1 spell: Apportation
122599 | Pan      | Noticed Uvucadigu the pandemonium lord
122610 | Pan      | Killed Uvucadigu the pandemonium lord
122762 | Pan      | Found an exit through the horrors of the Abyss.
122865 | Pan      | Reached skill level 1 in Fire Magic
123049 | Pan      | Found an exit through the horrors of the Abyss.
123207 | Pan      | Noticed Tipuf the pandemonium lord
123213 | Pan      | Killed Tipuf the pandemonium lord
123213 | Pan      | Reached skill level 5 in Fire Magic
123781 | Pan      | Noticed Kuimull the pandemonium lord
123853 | Pan      | Reached skill level 1 in Evocations
123870 | Pan      | Killed Kuimull the pandemonium lord
124070 | Pan      | Found an exit through the horrors of the Abyss.
124121 | Pan      | Reached skill level 5 in Evocations
124163 | Pan      | Learned a level 2 spell: Swiftness
124166 | Pan      | Learned a level 2 spell: Song of Slaying
124172 | Pan      | Learned a level 5 spell: Silence
124178 | Pan      | Learned a level 5 spell: Aura of Abjuration
124602 | Pan      | Reached skill level 1 in Summonings
124602 | Pan      | Reached skill level 1 in Air Magic
124628 | Pan      | Reached skill level 1 in Charms
124645 | Pan      | Noticed Onupiuh the pandemonium lord
124650 | Pan      | Killed from afar by Onupiuh the pandemonium lord

Illustrated notes

Levels and vault maps discovered:
D:1:      scummos_arrival_checkerplants, layout_basic,
          chequers_serial_rivers_room_b
D:2:      layout_loops_ring, old_standard_altar, nicolae_overflow_hidden_temple,
          serial_bayou, serial_bayou_lagoon_a, serial_bayou_pond_a,
          serial_bayou_lake_a, minmay_parallelograms, amethyst_killhole,
          uniq_sigmund, uniq_terence
D:3:      layout_rooms, lemuel_round_altar
D:4:      layout_basic, minmay_temple_entry_sparse_star
D:5:      layout_cave_pools, old_standard_altar, first_ration,
          hangedman_decor_points, kennysheep_opposing_triangles
D:6:      layout_basic, serial_shops, shop
D:7:      layout_rooms, grunt_temple_overflow_lords_of_destruction,
          marbit_many_paths
D:8:      layout_loops_ring, grunt_pizzeria
D:9:      layout_small_grid, gammafunk_temple_overflow_elements,
          kennysheep_generic_room_9
D:10:     layout_roguey, grunt_lair_entry_orc_guard_hut, lemuel_altar_in_water
D:11:     layout_basic, minmay_door_square, minivault_7, uniq_erica
D:12:     layout_loops_corners, uniq_josephine, uniq_nergalle
D:13:     layout_loops_ring, uniq_frances
D:14:     layout_loops_corners, erik_vaults_1, minmay_strange_pillars
D:15:     gammafunk_enter_depths_forms, layout_long_grid, serial_rivers,
          chequers_serial_rivers_small_b, chequers_serial_rivers_small_b,
          chequers_serial_rivers_small_b, chequers_serial_rivers_room_a,
          chequers_serial_rivers_small_b, drop_trap
Temple:   dshaligram_water_room_temple
Lair:1:   wander_river, layout_cave_pods, uniq_sonja
Lair:2:   layout_regular_city, hellmonk_ghost_happy_afterlife, st_stairs_4
Lair:3:   gammafunk_cloud_chamber, layout_chaotic_city,
          minmay_shoals_entry_centaurs, nicolae_spider_entry_non_spiders,
          lemuel_oklob_altar, lemuel_fruit_fields
Lair:4:   layout_concentric_octagons, roderic_carrion_pond, grunt_megastairs_2
Lair:5:   layout_concentric_octagons, lemuel_fruit_tree
Lair:6:   minmay_lair_end_frog_pond, layout_gridlike,
          minmay_slime_entry_pillars, ebering_ghost_inner_flame
Shoals:1: layout_shoals
Shoals:2: layout_shoals, nicolae_shoals_circle_sea_wall,
          nicolae_shoals_undead_eyrie
Shoals:3: layout_shoals, regret_index_shoals_crete, uniq_ilsuiw
Shoals:4: shoals_end_hangedman, layout_shoals, shoals_ilsuiw_alternative
Spider:1: layout_spider_delve, uniq_roxanne
Spider:2: layout_spider_delve, portal_ice_cave_entry_pillars_1,
          guppyfry_spider_mini_1, nicolae_spider_cling_halls
Spider:3: layout_spider_delve, uniq_asterion
Spider:4: guppyfry_spider_rune
Orc:1:    layout_caves, serial_shops, shop, uniq_maurice
Orc:2:    st_orc_mages, layout_caves, serial_shops, nicolae_shop_stone,
          nicolae_orc_lava_tube
Elf:1:    minmay_the_grid_3x3 [minmay_the_grid_slots, minmay_the_grid_x,
          minmay_the_grid_minigrid_small_alt, minmay_the_grid_medium_cups,
          minmay_the_grid_all_tris, minmay_the_grid_spin_star,
          minmay_the_grid_aliased_spiral, minmay_the_grid_holed_spiral,
          minmay_the_grid_prize_diamond_cup], layout_gridlike, serial_shops,
          shop, shop, nicolae_shop_temple_entry_statues_fountains,
          nicolae_shop_crystal, minmay_elf_necromancy, nicolae_elf_m_pinch
Elf:2:    layout_gridlike, serial_shops, shop, nicolae_rare_books,
          uniq_saint_roka
Elf:3:    elf_hall, layout_loops_cross
Vaults:1: v_pattern_5, dpeg_vaults_monster_row, v_rooms_6,
          vaults_standard_mumra_x, v_misc_23, ontoclasm_vaults_bender,
          nicolae_vaults_little_squares_6, ontoclasm_vaults_chip,
          vaults_room_glass_cross, hangedman_vaults_corner_blocks,
          nicolae_vaults_little_squares_6, hangedman_vaults_slice,
          layout_vaults_big_room, serial_shops,
          nicolae_shop_temple_entry_statues_fountains
Vaults:2: ontoclasm_vaults_fault, nicolae_vaults_asterisk,
          dpeg_vaults_pockets_of_resistance, v_rooms_1, v_rooms_4,
          hangedman_vaults_capsules, nicolae_vaults_ninety_degrees,
          vaults_dpeg_cross, nicolae_vaults_inception_statues,
          hangedman_vaults_snaps, nicolae_vaults_little_squares_5,
          dpeg_vaults_monster_box, vaults_dpeg_ring, v_misc_23,
          layout_vaults_maze, uniq_donald
Vaults:3: ontoclasm_vaults_spin, v_misc_32, v_pattern_2, st_smaller_cells,
          hangedman_vaults_hat, ontoclasm_vaults_ring_large,
          vaults_room_door_hall, nicolae_vaults_big_ls, v_alt_pattern_4,
          vaults_room_grid, layout_vaults_ring,
          minmay_crypt_entry_simple_corners
Vaults:4: advil_vaults_ghost_guards, vaults_mumra_hex, vaults_room_door_hall,
          vaults_not_door_vault_due, v_misc_9, v_pattern_1,
          hangedman_vaults_corner, nicolae_vaults_little_squares_4,
          nicolae_vaults_angled_halls, vaults_dpeg_diagonal,
          vaults_room_grunt_arrival_ludios, layout_vaults_omnigrid,
          serial_shops, shop, uniq_xtahua
Vaults:5
Crypt:1:  layout_chaotic_city, st_chilly_death, uniq_margery, uniq_bai_suzhen
Crypt:2:  layout_rooms, ebering_ghost_gozag, basic_altar
Crypt:3:  cryptofortress_bobbens
Tomb:1:   uniq_khufu
Depths:1: layout_cave_pools, hellmouth_3, serial_sigils_hangedman_carve,
          serial_shops, nicolae_shop_overgrown_old_shop, minivault_14,
          evilmike_butchery, minmay_shoptagon
Depths:2: lemuel_castle_with_subvaults [lemuel_castle_interior_carwin_1],
          layout_cave_shapes, hell_entry, minmay_shop_star,
          minmay_staircase_bubble
Depths:3: minmay_expanding_circles, layout_basic, enter_ziggurat_a,
          grunt_metal_band, rand_demon_pan_entry_8, grunt_megastairs_5
Depths:4: hangedman_pleasuredromes, abyss_entry, hell_entry, pan_entry,
          uniq_mara
Depths:5: evilmike_zot_entry_basic, layout_honeycomb, rand_demon_pan_entry_9,
          abyss_entry, pf_hell_entry_tar_spiral, minmay_liquid_box, uniq_boris,
          uniq_mennas, uniq_enchantress
Hell
Dis:1:    layout_jigsaw
Dis:2:    layout_overlapping_boxes
Dis:3:    layout_gridville, hangedman_mysterious_dungeon_monster_house
Dis:4:    lightli_tower_of_babel, layout_regular_city
Dis:5:    layout_jigsaw, nrook_loot_triangle, hangedman_dis_decor_tower
Dis:6:    layout_chaotic_city, hangedman_mysterious_dungeon_monster_house
Dis:7:    dis_st
Geh:1:    layout_gehenna_lava_caves
Geh:2:    layout_gehenna_pools_box
Geh:3:    layout_gehenna_lava_caves
Geh:4:    layout_gehenna_lava_caves
Geh:5:    layout_gehenna_lava_caves
Geh:6:    layout_gehenna_lava_caves
Geh:7:    geh_grunt_pentagon
Coc:1:    layout_ice_bergs
Coc:2:    layout_ice_bergs
Coc:3:    layout_cocytus_water_paths, serial_ice, serial_ice_k
Coc:4:    layout_ice_bergs
Coc:5:    layout_cocytus_water_paths
Coc:6:    layout_cocytus_water_paths
Coc:7:    coc_old
Tar:1:    layout_grid_maze
Tar:2:    layout_grid_maze
Tar:3:    layout_grid_maze, grunt_megastairs_3
Tar:4:    layout_honeycomb, lemuel_nasty_fountain
Tar:5:    layout_cathedral_of_symmetry
Tar:6:    layout_grid_maze, lemuel_elevator
Tar:7:    tar_grunt_cathedral
Zot:1:    layout_gridville
Zot:2:    layout_gridville, skrybe_zot_glass_2
Zot:3:    layout_twisted_circle
Zot:4:    layout_gridlike, st_large_dragon_hoard_4
Pan:      nicolae_pan_giant_door, layout_pan_divisions_a
          [pan_division_quadrant_a6, pan_division_quadrant_a4,
          pan_division_quadrant_a6, pan_division_quadrant_a4,
          pan_division_octagon_rings], pan_blood_fountain,
          evilmike_mini_pan_other_thingy, layout_gridlike,
          nicolae_pan_mnolegish_4, nicolae_pan_diamonds, layout_gridville,
          rand_demon_8, layout_stronghold, rand_demon_7, layout_gridlike,
          pan_blood_fountain_small, pan_blood_fountain, nicolae_pan_sigil_itan,
          evilmike_holy_pan, evilmike_mini_pan_corridor, layout_pan_divisions_a
          [pan_division_quadrant_a4, pan_division_quadrant_a5,
          pan_division_quadrant_a2, pan_division_quadrant_a3,
          pan_division_octagon_halves], rand_demon_7, layout_small_grid,
          pan_blood_fountain_2, nicolae_pan_mnolegish_1,
          nicolae_pan_door_chamber, layout_rooms, pan_blood_fountain_small,
          nicolae_pan_cerebovesque_2, gloorx_vloq, layout_chambers,
          reaverb_pan_chaos_star, nicolae_pan_giant_door, layout_small_grid,
          pan_blood_fountain, nicolae_pan_performance_anxiety, layout_gridlike,
          pan_captured_pigsty, nicolae_pan_gloorx_vloqian_3,
          nicolae_pan_diamonds, layout_stronghold, nicolae_pan_mnolegish_3,
          evilmike_mini_pan_doors_b, layout_irregular_city,
          evilmike_mini_pan_3x3, layout_gridville, nicolae_pan_lom_lobonic_4,
          nicolae_pan_sigil_itan, grunt_pan_pentagram, layout_chambers,
          pan_blood_fountain_small, evilmike_mini_pan_pillars,
          layout_irregular_city, rand_demon_6, layout_pan_divisions_b
          [pan_division_quadrant_b6, pan_division_quadrant_b4,
          pan_division_quadrant_b3, pan_division_quadrant_b3],
          nicolae_pan_sigil_nadil, nicolae_pan_lom_lobonic_1,
          lom_lobon_spiral_st, layout_pan_divisions_b [pan_division_quadrant_b3,
          pan_division_quadrant_b6, pan_division_quadrant_b5,
          pan_division_quadrant_b4], mnoleg_grunt_wretched_star,
          layout_small_grid, pan_blood_fountain_small,
          evilmike_mini_pan_pillars, layout_basic, nicolae_pan_mnolegish_4,
          cerebov_grunt, layout_cross, rand_demon_3, layout_grid_shapes,
          evilmike_mini_pan_corridor, layout_grid_shapes, grunt_pan_frozen_over,
          layout_long_grid, nicolae_pan_lom_lobonic_1, nicolae_pan_sigil_itan,
          grunt_pan_pentagram, layout_small_grid

Skill      XL: |  1  2  3  4  5  6  7  8  9 10 11 12 13 14 15 16 17 18 19 20 21 22 23 24 25 26 27 |
---------------+----------------------------------------------------------------------------------+-----
Axes           | 3 4 7 9 11 14 17 21 24 27 | 27.0
Armour         | 4 7 9 11 14 16 20 24 27 | 27.0
Shields        | 8 11 14 19 22 27 | 27.0
Dodging        | 6 12 19 27 | 27.0
Fighting       | 8 11 13 18 19 23 26 27 | 27.0
Throwing       | 11 12 27 | 27.0
Invocations    | 7 27 | 27.0
Translocations | 11 22 | 22.8
Spellcasting   | 23 | 23.0
Fire Magic     | 9 |  9.5
Evocations     | 6 |  6.0
Summonings     | 1 |  1.1
Air Magic      | 1 |  1.1
Charms         | 1 |  1.0
Hexes          | |  0.9

Action                   |  1- 3 |  4- 6 |  7- 9 | 10-12 | 13-15 | 16-18 | 19-21 | 22-24 | 25-27 || total
-------------------------+-------+-------+-------+-------+-------+-------+-------+-------+-------++-------
Melee: War axe           |    68 |   152 |   329 |   659 |       |   356 |  1700 |  2017 |  1720 ||  7001
       Headbutt          |     9 |    18 |    66 |   172 |   495 |   610 |   658 |   700 |  3653 ||  6381
       Hand axe          |       |       |       |    10 |  1458 |  1313 |       |       |       ||  2781
       Broad axe         |       |       |       |       |       |       |       |       | 10401 || 10401
       Bite              |       |       |       |       |       |       |       |       |   443 ||   443
Throw: Javelin           |       |       |       |       |       |     7 |       |     2 |   140 ||   149
 Cast: Blink             |       |       |       |       |       |       |       |       |   101 ||   101
       Controlled Blink  |       |       |       |       |       |       |       |       |     8 ||     8
Invok: Heroism           |       |       |       |     6 |     5 |    17 |     3 |     9 |     6 ||    46
       Finesse           |       |       |       |     2 |       |     3 |       |     5 |     4 ||    14
       Cleansing Flame   |       |       |       |       |       |       |       |       |    85 ||    85
       Divine Shield     |       |       |       |       |       |       |       |       |    26 ||    26
       Summon Divine War |       |       |       |       |       |       |       |       |    15 ||    15
       Brand Weapon With |       |       |       |       |       |       |       |       |     1 ||     1
 Abil: Evoke Blink       |       |       |       |       |       |       |    11 |       |       ||    11
       Evoke Flight      |       |       |       |       |       |       |       |       |     4 ||     4
Evoke: Wand              |       |       |       |     3 |       |     1 |       |       |     2 ||     6
       Phial of floods   |       |       |       |       |       |     1 |       |       |       ||     1
  Use: Scroll            |       |       |     2 |     7 |    10 |    12 |     9 |    20 |    41 ||   101
       Potion            |       |       |       |       |     1 |       |       |     1 |    11 ||    13
 Stab: Distracted        |       |       |       |       |       |       |       |     4 |     2 ||     6
       Confused          |       |       |       |       |       |       |       |     1 |       ||     1
  Eat: Chunk             |       |     7 |     7 |    18 |    31 |    17 |    26 |    32 |    80 ||   218
       Ration            |       |       |     2 |     1 |     1 |     3 |       |     1 |    56 ||    64
Armor: Scale mail        |    33 |    55 |    37 |       |       |       |       |       |       ||   125
       Plate armour      |       |       |   100 |   217 |       |       |       |       |       ||   317
       Crystal plate arm |       |       |       |    32 |   510 |   549 |   355 |   571 |  2201 ||  4218
Dodge: Dodged            |    21 |    38 |    87 |   180 |   355 |   341 |   301 |   435 |  2465 ||  4223
Block: Kite shield       |    45 |    50 |   174 |   321 |  1233 |   165 |       |       |       ||  1988
       Reflection        |       |       |       |    11 |    29 |    78 |   149 |   189 |   399 ||   855
       Tower shield      |       |       |       |       |       |  1739 |  1816 |  2298 | 11581 || 17434

Table legend:
 A = Non-vault XP
 B = Vault XP
 C = Vault XP percentage of total XP
 D = Non-vault monster count
 E = Vault monster count
 F = Vault count percentage of total count
                 A         B        C        D         E       F
            +---------+---------+-------+---------+---------+-------
      Total | 3694489 | 1972395 |  34.8 |    5843 |    1900 |  24.5
            +---------+---------+-------+---------+---------+-------
        D:1 |      37 |       0 |   0.0 |      22 |       0 |   0.0
        D:2 |      77 |     263 |  77.4 |      23 |       2 |   8.0
        D:3 |     176 |       0 |   0.0 |      33 |       0 |   0.0
        D:4 |     215 |       0 |   0.0 |      12 |       0 |   0.0
        D:5 |     477 |     222 |  31.8 |      15 |       4 |  21.1
        D:6 |     509 |       0 |   0.0 |      14 |       0 |   0.0
        D:7 |     939 |      47 |   4.8 |      16 |       2 |  11.1
        D:8 |     655 |     137 |  17.3 |      26 |       1 |   3.7
        D:9 |     295 |     141 |  32.3 |       4 |       2 |  33.3
       D:10 |    3389 |     586 |  14.7 |      20 |       5 |  20.0
       D:11 |    4177 |    2302 |  35.5 |      37 |      19 |  33.9
       D:12 |    4186 |    4751 |  53.2 |      32 |       6 |  15.8
       D:13 |   11826 |       0 |   0.0 |      34 |       0 |   0.0
       D:14 |    7880 |    1808 |  18.7 |      28 |       2 |   6.7
       D:15 |   17499 |    4051 |  18.8 |      35 |      10 |  22.2
     Lair:1 |    2890 |       0 |   0.0 |       9 |       0 |   0.0
     Lair:2 |    3795 |     518 |  12.0 |      16 |       2 |  11.1
     Lair:3 |    8159 |    1011 |  11.0 |      35 |      11 |  23.9
     Lair:4 |    1761 |    1018 |  36.6 |       6 |       6 |  50.0
     Lair:5 |    4469 |       0 |   0.0 |      13 |       0 |   0.0
     Lair:6 |    4491 |   13101 |  74.5 |      17 |      54 |  76.1
   Shoals:1 |   13140 |       0 |   0.0 |      28 |       0 |   0.0
   Shoals:2 |   14820 |    1546 |   9.4 |      31 |       5 |  13.9
   Shoals:3 |   16670 |   11445 |  40.7 |      34 |      20 |  37.0
   Shoals:4 |   24334 |   20475 |  45.7 |      42 |      31 |  42.5
   Spider:1 |   26543 |       0 |   0.0 |      81 |       0 |   0.0
   Spider:2 |   18143 |    1866 |   9.3 |      50 |       7 |  12.3
   Spider:3 |    7400 |    2479 |  25.1 |      19 |       1 |   5.0
   Spider:4 |   13984 |   26170 |  65.2 |      26 |      43 |  62.3
      Orc:1 |    3822 |    3063 |  44.5 |      33 |       7 |  17.5
      Orc:2 |    2576 |    3535 |  57.8 |      32 |      43 |  57.3
      Elf:1 |    9922 |   24986 |  71.6 |      21 |      50 |  70.4
      Elf:2 |   13711 |   32600 |  70.4 |      24 |      43 |  64.2
      Elf:3 |   17814 |   37117 |  67.6 |      28 |      25 |  47.2
   Vaults:1 |   27235 |   41422 |  60.3 |      47 |      60 |  56.1
   Vaults:2 |   47635 |   45459 |  48.8 |      89 |      60 |  40.3
   Vaults:3 |   34907 |   45268 |  56.5 |      61 |      49 |  44.5
   Vaults:4 |   41565 |   37847 |  47.7 |      75 |      29 |  27.9
   Vaults:5 |   66971 |  130027 |  66.0 |      93 |      87 |  48.3
    Crypt:1 |   29182 |   27831 |  48.8 |      48 |      46 |  48.9
    Crypt:2 |   34301 |   12064 |  26.0 |      52 |       8 |  13.3
    Crypt:3 |       0 |   65221 | 100.0 |       0 |      88 | 100.0
     Tomb:1 |    9853 |   78782 |  88.9 |      26 |      53 |  67.1
   Depths:1 |   26872 |    5174 |  16.1 |      39 |      15 |  27.8
   Depths:2 |   33442 |   43375 |  56.5 |      34 |      50 |  59.5
   Depths:3 |   40671 |   81908 |  66.8 |      52 |      42 |  44.7
   Depths:4 |    4229 |  130703 |  96.9 |      13 |      92 |  87.6
   Depths:5 |   49653 |   43316 |  46.6 |      45 |      25 |  35.7
       Hell |   25193 |   15424 |  38.0 |      34 |      28 |  45.2
      Dis:1 |   38191 |       0 |   0.0 |      86 |       0 |   0.0
      Dis:2 |   44457 |       0 |   0.0 |      79 |       0 |   0.0
      Dis:3 |   31214 |   11296 |  26.6 |      71 |      17 |  19.3
      Dis:4 |   31981 |    7676 |  19.4 |      55 |      21 |  27.6
      Dis:5 |   24809 |       0 |   0.0 |      51 |       0 |   0.0
      Dis:6 |   59009 |       0 |   0.0 |     104 |       0 |   0.0
      Dis:7 |   98229 |  103647 |  51.3 |     133 |      67 |  33.5
      Geh:1 |   56246 |       0 |   0.0 |     150 |       0 |   0.0
      Geh:2 |   36008 |       0 |   0.0 |      92 |       0 |   0.0
      Geh:3 |   72153 |       0 |   0.0 |     136 |       0 |   0.0
      Geh:4 |   48809 |       0 |   0.0 |      80 |       0 |   0.0
      Geh:5 |   59768 |       0 |   0.0 |     111 |       0 |   0.0
      Geh:6 |   52140 |       0 |   0.0 |      99 |       0 |   0.0
      Geh:7 |   61786 |   57793 |  48.3 |     116 |      42 |  26.6
      Coc:1 |   73197 |       0 |   0.0 |     143 |       0 |   0.0
      Coc:2 |   42098 |       0 |   0.0 |      91 |       0 |   0.0
      Coc:3 |   46669 |     377 |   0.8 |      76 |       1 |   1.3
      Coc:4 |   97920 |       0 |   0.0 |      98 |       0 |   0.0
      Coc:5 |   95742 |       0 |   0.0 |     110 |       0 |   0.0
      Coc:6 |   76095 |       0 |   0.0 |      89 |       0 |   0.0
      Coc:7 |   61541 |   63912 |  50.9 |      80 |      48 |  37.5
      Tar:1 |   55023 |       0 |   0.0 |      70 |       0 |   0.0
      Tar:2 |   33493 |       0 |   0.0 |      58 |       0 |   0.0
      Tar:3 |   67092 |    2997 |   4.3 |      88 |       4 |   4.3
      Tar:4 |   37664 |       0 |   0.0 |      63 |       0 |   0.0
      Tar:5 |   62058 |       0 |   0.0 |      73 |       0 |   0.0
      Tar:6 |   83462 |       0 |   0.0 |     104 |       0 |   0.0
      Tar:7 |  120686 |  109988 |  47.7 |     108 |      68 |  38.6
      Zot:1 |   36632 |       0 |   0.0 |      21 |       0 |   0.0
      Zot:2 |   63645 |       0 |   0.0 |      45 |       0 |   0.0
      Zot:3 |   55182 |       0 |   0.0 |      28 |       0 |   0.0
      Zot:4 |   79636 |   35975 |  31.1 |      49 |      19 |  27.9
    Abyss:2 |   75330 |       0 |   0.0 |     162 |       0 |   0.0
    Abyss:3 |   83598 |    4563 |   5.2 |     134 |      10 |   6.9
    Abyss:4 |  226915 |   21292 |   8.6 |     431 |      26 |   5.7
        Pan |  673521 |  543931 |  44.7 |     755 |     393 |  34.2
      IceCv |       0 |    9889 | 100.0 |       0 |      51 | 100.0
            +---------+---------+-------+---------+---------+-------
